 Dungeon Crawl Stone Soup version 0.30-a0-331-g8ab09dc110 (webtiles) character file.

Game seed: 1896006344980068655

13907142 ytrimaz the Imperceptible (level 27, 210/224 HPs)
             Began as an Octopode Transmuter on Oct 26, 2022.
             Was a High Priest of Ashenzari.
             Escaped with the Orb
             ... and 15 runes on Oct 29, 2022!
             The game lasted 03:44:50 (114953 turns).

ytrimaz the Imperceptible (Octopode Transmuter)   Turns: 114953, Time: 03:44:50

Health: 210/224    AC: 31    Str: 10    XL:     27
Magic:  79/86      EV: 52    Int: 41    God:    Ashenzari [*****.]
Gold:   13630      SH:  0    Dex: 26    Spells: 8/80 levels left

rFire   + + +      SeeInvis +      - Unarmed
rCold   + + .      Faith    .    (shield currently unavailable)
rNeg    + + +      Spirit   +    (helmet currently unavailable)
rPois   ∞          Reflect  .    H - amulet of the Sibylline Moon {Spirit rN+ Slay+6, Melee, Bglg} (curse)
rElec   +          Harm     .    n - ring "Monotheism of Ashenzari" {AC+4 Int+3 Dex+4, Melee, Alch} (curse)
rCorr   +          Rampage  .    M - ring "Pangnostic Ethics" {rPois rC++ MP+9 Dex+2, Comp, Alch} (curse)
Will    ++...      Archmagi +    Y - ring "Ruined Gloom" {rF+ Dex+4 Slay+3, Cun, Alch} (curse)
Stlth   ++++...... Clarity  +    Z - ring "Tethered Servitude" {MP+9 Int+9 Slay+3, Melee, Elem} (curse)
HPRegen 0.57/turn                o - ring of the Eternal Moon {rF+ AC+4 Stlth+, Self, Alch} (curse)
MPRegen 0.50/turn                r - ring "Failure of Ashenzari" {Fly rF+ rCorr Str+3, Cun, Comp} (curse)
                                 F - ring of the Cryptic Autotheism {rPois rN+++ MP+9 Str-2 Int+5, Bglg, Melee} (curse)
                                 Q - ring of the Mage {Wiz Archmagi, Alch, Bglg} (curse)

@: storm-form, wereblooded, flying, studying 2 skills
A: cleaving, insubstantial, flying, almost no armour, amphibious, 8 rings,
(camouflage 1), (gelatinous body 1), (nimble swimmer 1), (tentacles), dopey 1,
high MP 1, (poison resistance), inhibited regeneration, subdued magic 2,
MP-powered wands, noise suppression
0: Orb of Zot
}: 15/15 runes: decaying, serpentine, slimy, silver, golden, iron, obsidian,
icy, bone, abyssal, demonic, glowing, magical, fiery, dark
a: Blinkbolt, End Transformation, Renounce Religion, Curse Item, Shatter the
Chains


You escaped.
You worshipped Ashenzari.
Ashenzari was extremely pleased with you.
You were a lightning-filled tempest!
You visited 18 branches of the dungeon, and saw 88 of its levels.
You visited Pandemonium 1 time, and saw 27 of its levels.
You visited the Abyss 3 times.
You visited 1 ziggurat, and saw 16 of its levels.
You also visited: Trove, Bailey, Wizlab and Desolation.

You collected 18272 gold pieces.
You spent 4642 gold pieces at shops.


Innate Abilities, Weirdness & Mutations

You are a lightning-filled tempest!
Your electrical attacks strike out in all directions at once.
You are incredibly evasive.
Your insubstantial body is immune to petrification, constriction, and being set on fire You are flying.
Your armour is entirely melded.
You are incapable of wielding weapons or throwing items.
You cannot wear most types of armour.
You are amphibious.
You can wear up to eight rings at the same time.
((Your skin changes colour to match your surroundings (Stealth+).))
((Your rubbery body absorbs attacks. (AC +1, EV +1)))
((You are camouflaged when in or above water. (Stealth+)))
((You have tentacles for arms and can constrict up to eight enemies at once.))
You are dopey. (Int -2)
You have an increased reservoir of magic. (+10% MP)
((Your system is resistant to poisons. (rPois)))
You do not regenerate when monsters are visible.
Your spells are easier to cast, but less powerful.
You expend magic power (3 MP) to strengthen your wands.
You passively dampen the noise of your surroundings.


   Skills:
 - Level 25.8(27) Fighting
 - Level 24.0(27) Dodging
 - Level 26.8(27) Stealth
 - Level 24.5(27) Unarmed Combat
 - Level 25.4(27) Spellcasting
 + Level 21.7(25.8) Conjurations
 - Level 17.7(20.9) Necromancy
 - Level 23.9(27) Transmutations
 - Level 4.0(6.1) Ice Magic
 - Level 25.8(27) Air Magic
 - Level 25.8(27) Earth Magic
 - Level 4.0(9.5) Poison Magic


You had 8 spell levels left.
You knew the following spells:

 Your Spells              Type           Power      Damage    Failure   Level
a - Shatter               Erth           65%        3d48*     1%          9
b - Wereblood             Tmut           100%       N/A       0%          2
c - Irradiate             Conj/Tmut      65%        3d33      0%          5
d - Storm Form            Tmut/Air       65%        N/A       0%          7
e - Yara's Violent Unrav  Hex/Tmut       51%        3d20      0%          5
f - Statue Form           Tmut/Erth      87%        N/A       0%          6
g - Dragon Form           Tmut           65%        N/A       0%          7
h - Death Channel         Necr           59%        N/A       0%          6
i - Borgnjor's Revivific  Necr           59%        N/A       1%          8
j - Death's Door          Necr           59%        N/A       1%          9
k - Necromutation         Tmut/Necr      62%        N/A       0%          8

Your spell library contained the following spells:

 Spells                   Type           Power      Damage    Failure   Level
 Beastly Appendage        Tmut           100%       N/A       0%          1
 Foxfire                  Conj/Fire      100%       2x1d9     0%          1
 Freeze                   Ice            100%       1d10      0%          1
 Kiss of Death            Conj/Necr      100%       2d13      0%          1
 Magic Dart               Conj           100%       1d8       0%          1
 Necrotise                Necr           100%       1d9       0%          1
 Shock                    Conj/Air       100%       1d9       0%          1
 Sting                    Tmut/Pois      100%       1d8       0%          1
 Cigotuvi's Dreadful Rot  Necr/Pois/Air  100%       N/A       0%          2
 Ensorcelled Hibernation  Hex/Ice        100%       N/A       0%          2
 Momentum Strike          Conj/Tloc      100%       3d10      0%          2
 Passwall                 Tmut/Erth      100%       N/A       0%          2
 Poisonous Vapours        Pois/Air       100%       N/A       0%          2
 Static Discharge         Conj/Air       100%       2-7/arc   0%          2
 Sublimation of Blood     Necr           100%       N/A       0%          2
 Dazzling Flash           Conj/Hex       100%       N/A       0%          3
 Frozen Ramparts          Ice            100%       1d16      0%          3
 Hailstorm                Conj/Ice       100%       3d20      0%          3
 Ignite Poison            Fire/Tmut/Pois 98%        N/A       0%          3
 Kindle Blastsparks       Fire/Tloc/Air  100%       2d18      0%          3
 Mephitic Cloud           Conj/Pois/Air  100%       N/A       0%          3
 Ozocubu's Armour         Ice            78%        N/A       0%          3
 Spider Form              Tmut/Pois      100%       N/A       0%          3
 Stone Arrow              Conj/Erth      100%       3d13      0%          3
 Swiftness                Air            100%       N/A       0%          3
 Vampiric Draining        Necr           100%       2d13      0%          3
 Vhi's Electric Charge    Tloc/Air       100%       N/A       0%          3
 Airstrike                Air            65%        2d(10-26) 0%          4
 Anguish                  Hex/Necr       47%        N/A       0%          4
 Animate Dead             Necr           100%       N/A       0%          4
 Dispel Undead            Necr           100%       3d31      0%          4
 Flame Wave               Conj/Fire      100%       2d21      0%          4
 Fulminant Prism          Conj/Hex       50%        3d23      0%          4
 Ice Form                 Ice/Tmut       100%       N/A       0%          4
 Iskenderun's Mystic Bla  Conj/Tloc      100%       2d19      0%          4
 Leda's Liquefaction      Hex/Erth       51%        N/A       0%          4
 Olgreb's Toxic Radiance  Pois           90%        N/A       0%          4
 Sticky Flame             Conj/Fire      100%       2d11      0%          4
 Summon Lightning Spire   Summ/Air       100%       N/A       0%          4
 Agony                    Necr           100%       N/A       0%          5
 Alistair's Intoxication  Tmut/Pois      75%        N/A       0%          5
 Arcjolt                  Conj/Air       65%        1d75      0%          5
 Blade Hands              Tmut           65%        N/A       0%          5
 Fireball                 Conj/Fire      50%        3d20      0%          5
 Freezing Cloud           Conj/Ice/Air   58%        6-21      0%          5
 Iskenderun's Battlesphe  Conj           100%       2d15      0%          5
 Lee's Rapid Deconstruct  Erth           65%        3d30*     0%          5
 Lightning Bolt           Conj/Air       65%        1d89      0%          5
 Silence                  Hex/Air        51%        N/A       0%          5
 Conjure Ball Lightning   Conj/Air       65%        3x3d24    0%          6
 Eringya's Noxious Bog    Tmut/Pois      56%        N/A       0%          6
 Iron Shot                Conj/Erth      65%        9d12      0%          6
 Lehudib's Crystal Spear  Conj/Erth      65%        10d15     0%          8
 Maxwell's Capacitive Co  Air            65%        ∞         0%          8
 Apportation              Tloc           100%       N/A       1%          1
 Slow                     Hex            100%       N/A       1%          1
 Summon Small Mammal      Summ           100%       N/A       1%          1
 Blink                    Tloc           100%       N/A       1%          2
 Call Imp                 Summ           53%        N/A       1%          2
 Call Canine Familiar     Summ           53%        N/A       1%          3
 Confusing Touch          Hex            54%        N/A       1%          3
 Gell's Gravitas          Tloc           54%        N/A       1%          3
 Inner Flame              Hex/Fire       53%        N/A       1%          3
 Lesser Beckoning         Tloc           100%       N/A       1%          3
 Portal Projectile        Hex/Tloc       100%       N/A       1%          3
 Summon Guardian Golem    Hex/Summ       54%        N/A       1%          3
 Teleport Other           Tloc           54%        N/A       1%          3
 Tukima's Dance           Hex            54%        N/A       1%          3
 Cause Fear               Hex            27%        N/A       1%          4
 Manifold Assault         Tloc           54%        N/A       1%          4
 Passage of Golubria      Tloc           54%        N/A       1%          4
 Summon Ice Beast         Ice/Summ       67%        N/A       1%          4
 Metabolic Englaciation   Hex/Ice        33%        N/A       1%          5
 Summon Forest            Summ/Tloc      27%        N/A       1%          5
 Summon Mana Viper        Hex/Summ       54%        N/A       1%          5
 Simulacrum               Ice/Necr       51%        N/A       1%          6
 Starburst                Conj/Fire      50%        6d14      1%          6
 Haunt                    Necr/Summ      47%        N/A       1%          7
 Spellforged Servitor     Conj/Summ      50%        N/A       1%          7
 Infestation              Necr           59%        N/A       1%          8
 Ozocubu's Refrigeration  Ice            39%        4d16      6%          7
 Dispersal                Tloc           27%        N/A       11%         6
 Enfeeble                 Hex            27%        N/A       50%         7
 Malign Gateway           Summ/Tloc      27%        N/A       52%         7
 Monstrous Menagerie      Summ           26%        N/A       52%         7
 Summon Hydra             Summ           26%        N/A       52%         7
 Discord                  Hex            27%        N/A       99%         8
 Disjunction              Tloc           27%        N/A       99%         8
 Ignition                 Fire           26%        3d9       99%         8
 Summon Horrible Things   Summ           26%        N/A       99%         8
 Chain Lightning          Conj/Air       65%        3d86      1%          9
 Fire Storm               Conj/Fire      50%        8d13      38%         9
 Dragon's Call            Summ           26%        N/A       100%        9
 Polar Vortex             Ice            39%        N/A       100%        9

Inventory:

Missiles
 V - a throwing net
Armour
 a - the cursed +1 hat of the Shattered Sky (melded) {rF++, Comp, Alch}
   (You acquired it on level 1 of the Vaults)

   rF:        It greatly protects you from fire.
   It has a curse which improves the following skills: Companions: Summonings
   and Necromancy.
   Alchemy:   Poison Magic and Transmutations.
Jewellery
 n - the cursed ring "Monotheism of Ashenzari" (left tentacle) {AC+4 Int+3 Dex+4, Melee, Alch}
   (You found it on level 7 of Gehenna)

   [ring of protection]

   AC:        It affects your AC (+4).
   Int:       It affects your intelligence (+3).
   Dex:       It affects your dexterity (+4).
   It has a curse which improves the following skills: Melee Combat: Short
   Blades, Long Blades, Axes, Maces & Flails, Polearms, Staves and Unarmed
   Combat.
   Alchemy:   Poison Magic and Transmutations.
 o - the cursed ring of the Eternal Moon (on tentacle) {rF+ AC+4 Stlth+, Self, Alch}
   (You found it on level 7 of Cocytus)

   [ring of protection]

   AC:        It affects your AC (+4).
   rF:        It protects you from fire.
   Stlth:     It makes you more stealthy.
   It has a curse which improves the following skills: Introspection: Fighting
   and Spellcasting.
   Alchemy:   Poison Magic and Transmutations.
 r - the cursed ring "Failure of Ashenzari" (on tentacle) {Fly rF+ rCorr Str+3, Cun, Comp}
   (You took it off a vault sentinel on level 5 of the Vaults)

   [ring of flight]

   Str:       It affects your strength (+3).
   rF:        It protects you from fire.
   Fly:       It grants you flight.
   rCorr:     It protects you from acid and corrosion.
   It has a curse which improves the following skills: Cunning: Dodging and
   Stealth.
   Companions: Summonings and Necromancy.
 t - an amulet of reflection
   (You found it on level 1 of the Tomb of the Ancients)
 u - a ring of resist corrosion
   (You found it on level 1 of the Tomb of the Ancients)
 v - a ring of protection from fire
   (You found it on level 3 of the Tomb of the Ancients)
 F - the cursed ring of the Cryptic Autotheism (on tentacle) {rPois rN+++ MP+9 Str-2 Int+5, Bglg, Melee}
   (You found it on level 11 of the Dungeon)

   [ring of magical power]

   Str:       It affects your strength (-2).
   Int:       It affects your intelligence (+5).
   rPois:     It protects you from poison.
   rN:        It renders you almost immune to negative energy.
   MP:        It affects your magic capacity (+9).
   It has a curse which improves the following skills: Beguiling: Conjurations,
   Hexes and Translocations.
   Melee Combat: Short Blades, Long Blades, Axes, Maces & Flails, Polearms,
   Staves and Unarmed Combat.
 H - the cursed amulet of the Sibylline Moon (around neck) {Spirit rN+ Slay+6, Melee, Bglg}
   (You bought it in a shop on level 9 of the Dungeon)

   [amulet of guardian spirit]

   It causes incoming damage to be divided between your reserves of health and
   magic.
   Slay:      It affects your accuracy & damage with ranged weapons and melee
   (+6).
   rN:        It protects you from negative energy.
   It has a curse which improves the following skills: Melee Combat: Short
   Blades, Long Blades, Axes, Maces & Flails, Polearms, Staves and Unarmed
   Combat.
   Beguiling: Conjurations, Hexes and Translocations.
 K - a ring of ice
   (You found it on level 3 of the Tomb of the Ancients)
 L - the amulet of Qeni Uco {Faith Dex+3 Stlth+}
   (You found it on level 3 of the Tomb of the Ancients)

   [amulet of faith]

   It allows you to gain divine favour quickly.
   Dex:       It affects your dexterity (+3).
   Stlth:     It makes you more stealthy.
 M - the cursed ring "Pangnostic Ethics" (right tentacle) {rPois rC++ MP+9 Dex+2, Comp, Alch}
   (You found it on level 7 of Gehenna)

   [ring of magical power]

   Dex:       It affects your dexterity (+2).
   rC:        It greatly protects you from cold.
   rPois:     It protects you from poison.
   MP:        It affects your magic capacity (+9).
   It has a curse which improves the following skills: Companions: Summonings
   and Necromancy.
   Alchemy:   Poison Magic and Transmutations.
 N - a +4 ring of evasion
   (You found it on level 1 of the Realm of Zot)
 Q - the cursed ring of the Mage (on tentacle) {Wiz Archmagi, Alch, Bglg}
   (You acquired it on level 1 of the Snake Pit)

   [ring of wizardry]

   It improves your spell success rate.
   Archmagi:  It increases the power of your magical spells.
   It has a curse which improves the following skills: Alchemy: Poison Magic and
   Transmutations.
   Beguiling: Conjurations, Hexes and Translocations.
 R - the amulet of Muqafil {rF+ Regen+ rCorr Str+3}
   (You found it on level 1 of the Realm of Zot)

   [amulet of regeneration]

   Str:       It affects your strength (+3).
   rF:        It protects you from fire.
   Regen:     It increases your rate of health regeneration.
   rCorr:     It protects you from acid and corrosion.
 S - the ring "Neiduod" {rElec Will+ Str+6}
   (You found it on level 1 of the Realm of Zot)

   [ring of strength]

   Str:       It affects your strength (+6).
   rElec:     It insulates you from electricity.
   Will:      It increases your willpower.
 U - the ring "Osopanomn" {Ice Str+2 SInv}
   (You took it off Josephina on level 2 of the Realm of Zot)

   [ring of ice]

   It enhances your ice magic.
   Str:       It affects your strength (+2).
   rF:        It makes you vulnerable to fire.
   rC:        It protects you from cold.
   SInv:      It lets you see invisible.
 Y - the cursed ring "Ruined Gloom" (on tentacle) {rF+ Dex+4 Slay+3, Cun, Alch}
   (You found it on level 13 of a ziggurat)

   [ring of protection from fire]

   Dex:       It affects your dexterity (+4).
   Slay:      It affects your accuracy & damage with ranged weapons and melee
   (+3).
   rF:        It protects you from fire.
   It has a curse which improves the following skills: Cunning: Dodging and
   Stealth.
   Alchemy:   Poison Magic and Transmutations.
 Z - the cursed ring "Tethered Servitude" (on tentacle) {MP+9 Int+9 Slay+3, Melee, Elem}
   (You bought it in a shop on level 4 of the Depths)

   [ring of magical power]

   Int:       It affects your intelligence (+9).
   Slay:      It affects your accuracy & damage with ranged weapons and melee
   (+3).
   MP:        It affects your magic capacity (+9).
   It has a curse which improves the following skills: Melee Combat: Short
   Blades, Long Blades, Axes, Maces & Flails, Polearms, Staves and Unarmed
   Combat.
   Elements:  Fire Magic, Ice Magic, Air Magic and Earth Magic.
Wands
 f - a wand of paralysis (37)
   (You found it in Pandemonium)
 h - a wand of flame (79)
   (You found it on level 2 of a ziggurat)
 C - a wand of iceblast (18)
   (You found it in Pandemonium)
 E - a wand of light (18)
   (You found it on level 11 of a ziggurat)
 X - a wand of digging (44)
   (You found it on level 7 of the Iron City of Dis)
Scrolls
 i - 38 scrolls of teleportation
 k - 10 scrolls of brand weapon
 l - 15 scrolls of noise
 m - 23 scrolls of enchant weapon
 p - 14 scrolls of fear
 q - 16 scrolls of amnesia
 w - 13 scrolls of blinking
 x - 25 scrolls of fog
 y - a scroll of summoning
 G - 14 scrolls of silence
 I - 17 scrolls of magic mapping
 P - 18 scrolls of enchant armour
 T - 15 scrolls of poison
Potions
 b - 4 potions of might
 c - 4 potions of magic
 d - 4 potions of invisibility
 e - 45 potions of curing
 g - 16 potions of ambrosia
 j - 18 potions of brilliance
 s - 16 potions of attraction
 z - 8 potions of heal wounds
 A - 4 potions of haste
 B - 6 potions of cancellation
 J - 11 potions of lignification
 O - 4 potions of berserk rage
 W - 2 potions of resistance
Miscellaneous
 D - a figurine of a ziggurat

Dungeon Overview and Level Annotations

Branches:
Dungeon (15/15)            Temple (1/1) D:6            Lair (5/5) D:10
  Swamp (4/4) Lair:2        Snake (4/4) Lair:3        Slime (5/5) Lair:5
    Orc (2/2) D:10            Elf (3/3) Orc:2        Vaults (5/5) D:13
  Crypt (3/3) Vaults:2       Tomb (3/3) Crypt:3      Depths (4/4) D:15
   Hell (visited)             Dis (7/7) Hell            Geh (7/7) Hell
    Coc (7/7) Hell            Tar (7/7) Hell            Zot (5/5) Depths:4
 Bailey (visited)          WizLab (visited)         Desolation (visited)

Altars:
Ashenzari
Cheibriados
Dithmenos
Elyvilon
Fedhas
Gozag
Hepliaklqana
Kikubaaqudgha
Makhleb
Nemelex Xobeh
Okawaru
Qazlal
Ru
Sif Muna
Trog
Uskayaw
Vehumet
Wu Jian
Xom
Yredelemnul
Zin
The Shining One

Shops:
D:6 *   D:7 (   D:9 =   D:10 [(   Orc:2 :(*=   Snake:1 !!*=:   Snake:3 ::=(
Vaults:1 *   Vaults:2 [   Depths:3 =:   Depths:4 *!:=

Portals:
Hell: Depths:1 Depths:2 Depths:3 Depths:4
Abyss: D:8 Depths:2 Depths:3
Pandemonium: Depths:2 Depths:3

Annotations:
D:4 2 transporters
Lair:3 2 exclusions
Lair:4 3 runed translucent doors, Kesmoz's ghost, journeyman MfBe; Kilil's ghost, journeyman DrNe; Lufi's ghost, journeyman BaHs
Lair:5 exclusions: 2 doors and obsidian statue
Zot:1 2 transporters

~ ~ ############
~≈≈≈≈≈≈≈≈≈≈≈≈≈≈≈≈# * *
≈≈≈≈≈≈≈≈~~~~≈~~~#
~≈≈≈≈≈≈~~≈.~~.~~~#
~≈≈≈≈≈~~~~~~~~~.~#
≈≈≈≈~≈.~.~~..8..#
≈≈≈≈≈.~.~...8..##
#≈≈~~~~~~.......#
#≈≈~.~..v.......##
#≈≈~~.........(..#
#≈~~~~..)........#
#≈~~.~...8.......##
#≈~~~.............#
#≈~~~.........8...####
#≈~~~................####
#≈~.~....................
#≈~≈~.###...........####.


There were no monsters in sight!


Message History

You fly upwards.
There is a stone staircase leading down here. 😕 HP[+1]
There is a stone staircase leading up here. 😕 HP[+2]
You regained 2 hp, and now have 175/224 hp.
You fly upwards.
Level annotation: 2 transporters
There is a stone staircase leading down here. 😕 HP[+1]
There is a stone staircase leading up here. 😕 HP[+11]
You regained 11 hp, and now have 187/224 hp.
You fly upwards.
There is a stone staircase leading down here. 😕 HP[+1]
You see here a +0 dagger.
There is a stone staircase leading up here. 😕 HP[+12]
You regained 12 hp, and now have 200/224 hp.
You fly upwards.
There is a stone staircase leading down here. 😕 HP[+1]
There is a stone staircase leading up here. 😕 HP[+6]
You regained 6 hp, and now have 207/224 hp.
You fly upwards.
There is a stone staircase leading down here. 😕 HP[+1]
A Fuusubb and a Hell Sentinel come into view. 😎 HP[+16]
Your hp is fully restored (224).
Casting: Storm Form (safe; 0% risk of failure)
Confirm with . or Enter, or press ? or * to list all spells.
You feel a surge of power!
You turn into a lightning-filled tempest!
The cursed +1 hat of the Shattered Sky {rF++, Comp, Alch} melds into your body. 😎 MP[-7]
You lost 7 mp, and now have 79/86 mp.
Unknown command.
You blast the Hell Sentinel!!!
You punch the Hell Sentinel! 😎 MP[+1]
You blast the Hell Sentinel!!!!
You punch the Hell Sentinel, but do no damage.
The Hell Sentinel gestures at you.
The sphere of damnation explodes!
The damnation engulfs you!!
The damnation engulfs the Hell Sentinel.
The Hell Sentinel completely resists. 😕 HP[-13] MP[-5]
You take 13 damage, and now have 211/224 hp.
You lost 5 mp, and now have 75/86 mp.
Unknown command.
You blast the Hell Sentinel!!!
You kill the Hell Sentinel!
Casting: Storm Form (safe; 0% risk of failure)
Confirm with . or Enter, or press ? or * to list all spells.
You feel a surge of power!
Your blood is infused with primal strength.
Fuusubb misses you. x2
Unknown command. 😕 MP[-1]
You lost 1 mp, and now have 74/86 mp.
You blast Fuusubb!!!
You punch Fuusubb. Fuusubb hits you. 😕 HP[-3] MP[-1]
You take 3 damage, and now have 208/224 hp.
You lost 1 mp, and now have 73/86 mp.
You blast Fuusubb!!!!
You punch Fuusubb. Fuusubb hits you! 😕 HP[-11] MP[-3]
You take 11 damage, and now have 197/224 hp.
You lost 3 mp, and now have 70/86 mp.
Unknown command.
You blast Fuusubb!!!!
Fuusubb misses you.
You completely miss Fuusubb. Fuusubb closely misses you. 😕 MP[+1]
You blast Fuusubb!!!!
You feel a bit better.
You kill Fuusubb! 😕 HP[+4]
You regained 4 hp, and now have 201/224 hp.
Unknown command.
You bellow as the wereblood boils in your veins! 😕 HP[+1] MP[+1] 😕 HP[+1] MP[+1]
You start resting.
You bellow as the wereblood boils in your veins! 😕 HP[+2] MP[+1]
You regained 2 hp, and now have 205/224 hp.
You start resting.
You bellow as the wereblood boils in your veins! 😕 HP[+2] MP[+3]
You regained 2 hp, and now have 207/224 hp.
You regained 3 mp, and now have 77/86 mp.
Unknown command.
You start resting.
You bellow as the wereblood boils in your veins! 😕 HP[+2] MP[+1]
You regained 2 hp, and now have 209/224 hp.
Unknown command.
You bellow as the wereblood boils in your veins!
There is a staircase leading out of the dungeon here.
You have escaped!

Skill      XL: |  1  2  3  4  5  6  7  8  9 10 11 12 13 14 15 16 17 18 19 20 21 22 23 24 25 26 27 |
---------------+----------------------------------------------------------------------------------+-----
Poison Magic   | 1 2 4 |  4.0
Ice Magic      | 1 2 3 4 |  4.0
Transmutations | 3 4 5 7 10 12 13 17 18 19 20 22 23 | 23.9
Spellcasting   | 4 9 11 12 13 17 20 23 24 25 | 25.4
Fighting       | 5 9 10 13 14 16 25 | 25.8
Unarmed Combat | 4 8 9 10 13 14 16 24 | 24.5
Dodging        | 8 14 16 24 | 24.0
Air Magic      | 5 10 13 15 25 | 25.8
Necromancy     | 4 17 | 17.7
Earth Magic    | 25 | 25.8
Stealth        | 26 | 26.8
Conjurations   | 21 | 21.7

Action                   |  1- 3 |  4- 6 |  7- 9 | 10-12 | 13-15 | 16-18 | 19-21 | 22-24 | 25-27 || total
-------------------------+-------+-------+-------+-------+-------+-------+-------+-------+-------++-------
Melee: Unarmed           |    92 |    64 |   369 |   864 |  1102 |   668 |   726 |   792 |  5022 ||  9699
       Constrict         |    29 |     3 |     6 |     2 |     2 |       |       |     2 |    27 ||    71
       Kick              |    15 |       |       |       |       |       |       |       |     6 ||    21
       Tentacles         |    19 |     2 |     7 |     1 |     3 |       |       |     2 |    61 ||    95
       Punch             |       |       |     2 |     1 |    10 |    64 |   114 |   126 |  1088 ||  1405
       Tailslap          |       |       |       |       |    23 |   131 |    13 |       |       ||   167
       Bite              |       |       |       |       |    19 |    86 |     9 |       |     2 ||   116
 Cast: Beastly Appendage |    16 |       |       |       |       |       |       |       |       ||    16
       Spider Form       |     1 |     6 |    26 |    22 |     3 |       |       |       |       ||    58
       Wereblood         |       |       |    13 |    18 |    42 |    21 |    22 |    23 |   174 ||   313
       Ice Form          |       |       |     8 |    51 |    69 |     3 |       |       |       ||   131
       Yara's Violent Un |       |       |       |     3 |     8 |     7 |     1 |       |     1 ||    20
       Dragon Form       |       |       |       |       |    16 |    80 |    13 |       |     2 ||   111
       Storm Form        |       |       |       |       |       |       |    71 |    58 |   528 ||   657
       Irradiate         |       |       |       |       |       |       |       |     1 |     3 ||     4
       Death Channel     |       |       |       |       |       |       |       |       |    32 ||    32
       Shatter           |       |       |       |       |       |       |       |       |    53 ||    53
       Necromutation     |       |       |       |       |       |       |       |       |     7 ||     7
       Statue Form       |       |       |       |       |       |       |       |       |     6 ||     6
       Death's Door      |       |       |       |       |       |       |       |       |     1 ||     1
Invok: Curse Item        |       |       |     2 |     3 |     3 |     2 |     1 |     2 |     5 ||    18
       Shatter the Chain |       |       |       |       |     1 |       |     1 |     2 |     4 ||     8
 Abil: Breathe Fire      |       |       |       |       |     2 |     8 |       |       |     1 ||    11
       Blinkbolt         |       |       |       |       |       |       |     4 |     3 |    64 ||    71
       End Transformatio |       |       |       |       |       |       |     1 |       |     7 ||     8
Evoke: Wand              |       |       |       |     8 |       |       |       |       |       ||     8
  Use: Scroll            |     6 |     5 |     8 |     8 |     1 |     2 |     4 |     1 |    26 ||    61
       Potion            |       |     2 |     6 |     4 |       |     1 |     1 |    12 |    48 ||    74
 Stab: Sleeping          |     7 |     1 |     1 |       |     2 |       |     1 |     1 |    54 ||    67
       Invisible         |       |       |     1 |     8 |       |       |       |       |       ||     9
       Fleeing           |       |       |       |     1 |       |       |       |       |       ||     1
       Petrified         |       |       |       |       |     1 |       |       |       |       ||     1
       Distracted        |       |       |       |       |       |       |     2 |       |    54 ||    56
Armor: Skin              |    26 |     9 |    92 |   330 |   274 |   260 |   116 |   105 |   898 ||  2110
Dodge: Dodged            |    46 |    44 |   350 |   868 |  1393 |   764 |   880 |   982 |  6545 || 11872
Block: Other             |       |       |       |       |       |       |       |     4 |    19 ||    23

Levels and vault maps discovered:
D:1:      nicolae_arrival_washed_ashore, layout_loops_cross,
          hellmonk_ecumenical_altar_zigzags
D:2:      layout_rooms, minmay_misc_feat_chi
D:3:      layout_rooms, grunt_temple_overflow_lords_of_destruction,
          kiku_gazebo_garden_becter
D:4:      gammafunk_cloud_chamber, layout_basic, minmay_misc_feat_tiny,
          uniq_robin, uniq_sigmund
D:5:      layout_loops_corners, uniq_eustachio
D:6:      layout_cave_pools, gammafunk_temple_overflow_pools,
          minmay_temple_entry_proselytizer, nicolae_shop_overcharged_wands,
          uniq_pikel
D:7:      layout_layer_cave, serial_shops, nicolae_shop_advertising_works
          [nicolae_subvault_shop_adworks]
D:8:      layout_basic, gammafunk_ghost_abyssal_escape, uniq_maggie
D:9:      layout_small_grid, serial_shops, nicolae_lakefront_shop,
          minmay_librarian
D:10:     layout_cave_pods, lair_entry_dummy, orc_david_3, enter_bailey_8,
          uniq_erica, uniq_urug
D:11:     layout_layer_cave, portal_ice_cave_demonic_guard
D:12:     layout_basic, serial_ice, serial_ice_d, serial_ice_o, serial_ice_k,
          serial_ice_c, serial_ice_a, serial_ice_b, serial_ice_m
D:13:     cheibrodos_breeding_chamber, layout_irregular_city,
          skrybe_vaults_entry_preservation, uniq_lodul
D:14:     layout_loops_corners, grunt_decor_arrowhead, minmay_misc_feat_hallway
D:15:     gammafunk_depths_entry_grave, layout_stronghold, fedhas_altar_1
Temple:   minmay_crystal_spiral_temple
Lair:1:   lemuel_reptile_caves, layout_hall_layers
Lair:2:   layout_roguey, minmay_swamp_entry_reptiles,
          chequers_serial_rivers_micro_c, minivault_19, eino_house_with_fridge
Lair:3:   layout_gridlike, minmay_snake_entry_guardpost_small, basic_altar,
          nicolae_lair_liquid_snakes, uniq_gastronok, uniq_snorg
Lair:4:   gammafunk_indiana_jones, layout_regular_city, gammafunk_ghost_cemetery
Lair:5:   due_jungle_book, layout_long_grid, slime_entry_1, evilmike_ambush
          [evilmike_ambush_outer_basic, evilmike_ambush_inner_basic],
          grunt_megastairs_2
Swamp:1:  layout_basic_swamp, infiniplex_staircase_pool, uniq_frances
Swamp:2:  layout_falls_marsh, nicolae_swamp_rocky_clearing
Swamp:3:  layout_basic_swamp, serial_swamp_ruin, evilmike_swamp_ruin_house_4,
          evilmike_swamp_ruin_house_6, hangedman_swamp_ruin_wall, uniq_mara
Swamp:4:  swamp_old_school, layout_basic_swamp, uniq_kirke
Snake:1:  layout_concentric_octagons, serial_shops, shop, shop,
          nicolae_shop_stone, shop_fountains, shop_statue
Snake:2:  nicolae_snakescales, layout_gridlike, uniq_vashnia
Snake:3:  layout_basic, serial_shops, nicolae_shop_waterfront, minmay_shop_grove
Snake:4:  snake_pit_salamanders_mu, layout_misc_corridors, grunt_megastairs_4
Slime:1:  layout_caves
Slime:2:  layout_caves
Slime:3:  layout_caves, cheibrodos_slime_lost_civilization_7
Slime:4:  layout_caves
Slime:5
Orc:1:    layout_diamond_mine
Orc:2:    st_orc_town, layout_caves, special_room
Elf:1:    eino_elf_arrival_altar, layout_loops_corners, enter_trove_5,
          minmay_elf_sorcery
Elf:2:    elven_hall_of_blades_hangedman_alternative
          [infiniplex_blade_entry_pillars], layout_geoelf_diagonals, drop_trap,
          uniq_zenata
Elf:3:    minmay_elf_hall_spiked, layout_geoelf_castle, door_vault, uniq_louise
Vaults:1: portal_desolation_entry_ruin, vaults_dpeg_ring,
          nicolae_vaults_quadrants, v_misc_8, v_alt_pattern_3, v_misc_2,
          v_misc_12, nicolae_vaults_rhombus_6, layout_vaults_chaotic_city,
          serial_shops, nicolae_diamond_shop
Vaults:2: vaults_mumra_minichess, v_pattern_5, vaults_mumra_hexcomb,
          vaults_dpeg_encased_lava, hangedman_vaults_hat,
          minmay_crypt_entry_necro_gods, ontoclasm_vaults_gateway,
          vaults_mumra_chevron, v_alt_pattern_3,
          nicolae_vaults_little_squares_5, dpeg_vaults_monster_row,
          ontoclasm_vaults_ring_small, vaults_room_semicircle,
          nicolae_vaults_diagonal_hallway_8, grunt_vaults_diagonal, v_misc_3,
          nicolae_vaults_ring_of_whatevers, layout_vaults_omnicross,
          serial_shops, shop
Vaults:3: nicolae_vaults_circle_grid_b, nicolae_vaults_arrows,
          nicolae_vaults_puzzle_piece, v_rooms_6, vaults_dpeg_cross, v_misc_23,
          nicolae_vaults_alarming, layout_vaults_quadrants
Vaults:4: v_misc_17, nicolae_vaults_three_branches,
          dpeg_vaults_pockets_of_resistance, nicolae_vaults_network_s,
          vaults_room_semicircle, nicolae_vaults_inception_statues,
          hangedman_vaults_stagger, v_pattern_2, vaults_room_corners,
          nicolae_vaults_bisected_slash, v_misc_9, layout_vaults_omnibox
Vaults:5
Crypt:1:  layout_catacombs, mu_enter_wizlab_5, st_stairs_7,
          grunt_crypt_arrival_split
Crypt:2:  layout_misc_corridors, lemuel_elevator, uniq_khufu
Crypt:3:  church_of_pain_bobbens, layout_chaotic_city
Tomb:1
Tomb:2
Tomb:3
Depths:1: layout_twisted_cross, enter_ziggurat_e, hangedman_tar_grid_catacomb,
          minmay_misc_feat_x, kennysheep_donut, kennysheep_generic_room_6
Depths:2: grunt_arcs, layout_cave_pools, abyss_entry, hell_entry,
          minmay_tree_intersection, rand_demon_pan_entry_9, uniq_aizul
Depths:3: gammafunk_its_a_trap, layout_cave_shapes, gammafunk_ghost_cemetery,
          serial_shops, nicolae_stop_n_shop_2, shop, nicolae_ashenzari_skybound,
          abyss_entry_glasseish, pan_entry, hell_entry
Depths:4: evilmike_zot_entry_diamond, layout_cave_pools,
          chequers_serial_rivers_small_b, hell_entry,
          nicolae_inconvenience_store, minmay_shop_star
Hell
Dis:1:    layout_jigsaw, minmay_strange_pillars
Dis:2:    layout_subdivisions
Dis:3:    hangedman_iron_city_apartments
Dis:4:    layout_overlapping_boxes
Dis:5:    layout_gridville
Dis:6:    layout_subdivisions, nicolae_dis_fourth_circle
Dis:7:    dis_grunt_layers
Geh:1:    nicolae_geh_tyrants_menagerie, layout_gehenna_pools_triple
Geh:2:    layout_gehenna_lava_caves
Geh:3:    layout_gehenna_lava_caves
Geh:4:    layout_gehenna_pools_basic
Geh:5:    layout_gehenna_pools_basic
Geh:6:    layout_gehenna_lava_caves
Geh:7:    geh_grunt
Coc:1:    layout_cocytus_water_paths
Coc:2:    nicolae_hells_titanomachy
Coc:3:    layout_ice_bergs
Coc:4:    layout_cocytus_delve
Coc:5:    layout_cocytus_delve
Coc:6:    layout_cocytus_water_paths, serial_ice
Coc:7:    coc_mu
Tar:1:    layout_grid_maze
Tar:2:    layout_cathedral_of_symmetry
Tar:3:    layout_honeycomb, door_vault
Tar:4:    layout_grid_maze, nicolae_tar_honey_rotating
Tar:5:    layout_grid_maze
Tar:6:    layout_grid_maze
Tar:7:    tar_minmay_river
Zot:1:    gammafunk_dig_for_victory, layout_gridlike
Zot:2:    layout_concentric_octagons, uniq_josephina
Zot:3:    hellmonk_paralyzer, layout_twisted_circle, basic_altar,
          zot_minivault_1, uniq_tiamat
Zot:4:    grunt_twist_and_shout, layout_onion_interference,
          hangedman_zot_diagonal_lockstep
Zot:5:    layout_misc_corridors, lemuel_flame_loot_1

Notes
Turn   | Place    | Note
-------+----------+-------------------------------------------
     0 | D:1      | ytrimaz the Octopode Transmuter began the quest for the
                  | Orb.
     0 | D:1      | Reached XP level 1. HP: 13/13 MP: 3/3
     0 | D:1      | magus.rc [v1.9.6]
    82 | D:1      | Found a faded altar of an unknown god.
   126 | D:1      | You add the spells Gell's Gravitas, Teleport Other and
                  | Dispersal to your library.
   157 | D:1      | Reached skill level 1 in Poison Magic
   245 | D:1      | Reached XP level 2. HP: 13/18 MP: 5/5
   325 | D:1      | Reached skill level 2 in Poison Magic
   379 | D:1      | Learned a level 2 spell: Wereblood
   798 | D:2      | Found the +9 staff of Wucad Mu {*channel}
   923 | D:2      | Reached XP level 3. HP: 23/23 MP: 4/6
   927 | D:2      | Learned a level 3 spell: Spider Form
   931 | D:2      | Reached skill level 3 in Poison Magic
  1476 | D:3      | Reached skill level 4 in Poison Magic
  1531 | D:3      | Reached skill level 1 in Ice Magic
  1531 | D:3      | Reached XP level 4. HP: 26/28 MP: 0/7
  1767 | D:3      | Found an ancient bone altar of Kikubaaqudgha.
  1858 | D:3      | You pick up a book of Callings and begin reading...
  1858 | D:3      | You add the spells Summon Small Mammal, Call Canine
                  | Familiar and Summon Guardian Golem to your library.
  1869 | D:3      | Found a burning altar of Makhleb.
  1869 | D:3      | Found a radiant altar of Vehumet.
  1889 | D:3      | Reached skill level 3 in Transmutations
  1889 | D:3      | Reached skill level 2 in Ice Magic
  1889 | D:3      | Reached XP level 5. HP: 21/33 MP: 5/8
  2191 | D:4      | Noticed a hornet
  2201 | D:4      | Killed a hornet
  2202 | D:4      | Reached skill level 4 in Transmutations
  2202 | D:4      | Reached skill level 3 in Ice Magic
  2202 | D:4      | Reached XP level 6. HP: 38/38 MP: 9/9
  2264 | D:4      | Noticed Sigmund
  2275 | D:4      | Killed Sigmund
  2276 | D:4      | Reached skill level 5 in Transmutations
  2276 | D:4      | Reached skill level 4 in Ice Magic
  2276 | D:4      | Reached XP level 7. HP: 34/43 MP: 7/10
  2525 | D:4      | Found a transporter.
  2559 | D:4      | Found a transporter.
  2605 | D:4      | Noticed Robin
  2611 | D:4      | Learned a level 4 spell: Ice Form
  2641 | D:4      | Killed Robin
  2971 | D:5      | Entered Level 5 of the Dungeon
  2983 | D:5      | Reached skill level 6 in Transmutations
  3498 | D:5      | Noticed Eustachio
  3507 | D:5      | Reached skill level 7 in Transmutations
  3507 | D:5      | Reached XP level 8. HP: 48/48 MP: 8/11
  3518 | D:5      | Killed Eustachio
  3863 | D:5      | Reached skill level 8 in Transmutations
  4264 | D:6      | You pick up a book of Touch and begin reading...
  4264 | D:6      | You add the spells Kiss of Death, Confusing Touch and
                  | Dispel Undead to your library.
  4355 | D:6      | Found Igrer's Overcharged Wands.
  4480 | D:6      | Found a staircase to the Ecumenical Temple.
  4495 | D:6      | Reached skill level 9 in Transmutations
  4499 | Temple   | Entered the Ecumenical Temple
  4722 | Temple   | Became a worshipper of Ashenzari the Shackled
  4912 | D:6      | Noticed Pikel
  4991 | D:6      | Killed Pikel
  4992 | D:6      | Reached skill level 10 in Transmutations
  4992 | D:6      | Reached XP level 9. HP: 52/53 MP: 9/12
  5218 | D:6      | Found a basalt altar of Yredelemnul.
  5218 | D:6      | Found a hide-covered altar of Uskayaw.
  5291 | D:7      | Identified the +6 dagger of Neniq {elec, rPois Int+2}
  5493 | D:7      | Reached skill level 11 in Transmutations
  6268 | D:7      | Reached * piety under Ashenzari
  6336 | D:7      | Found Fixuecar's Antique Weapon Shoppe.
  6945 | D:8      | Reached skill level 3 in Spellcasting
  6945 | D:8      | Reached skill level 12 in Transmutations
  7185 | D:8      | Found a transporter.
  7201 | D:8      | Found a transporter.
  7229 | D:8      | Found a one-way gate to the infinite horrors of the Abyss.
  7229 | D:8      | Noticed SprigganGuy's ghost (novice SpHu)
  7231 | D:8      | Noticed a toenail golem
  7284 | D:8      | Reached skill level 4 in Spellcasting
  7284 | D:8      | Reached XP level 10. HP: 54/59 MP: 12/17
  7290 | D:8      | Killed a toenail golem
  7291 | D:8      | Reached skill level 5 in Spellcasting
  7316 | D:8      | Killed SprigganGuy's ghost
  7317 | D:8      | Reached skill level 6 in Spellcasting
  7334 | D:8      | You pick up a book of the Warp and begin reading...
  7334 | D:8      | You add the spells Manifold Assault and Disjunction to your
                  | library.
  7677 | D:8      | Noticed Maggie
  7703 | D:8      | Killed Maggie
  7704 | D:8      | Reached skill level 7 in Spellcasting
  8449 | D:9      | Reached skill level 8 in Spellcasting
  8579 | D:9      | Found Neuz's Jewellery Shoppe.
  8645 | D:9      | Noticed a necromancer
  8667 | D:9      | Killed a necromancer
  8781 | D:9      | You pick up a book of Party Tricks and begin reading...
  8781 | D:9      | You add the spells Apportation and Alistair's Intoxication
                  | to your library.
  8794 | D:9      | You pick up a book of Frost and begin reading...
  8794 | D:9      | You add the spells Freeze, Frozen Ramparts and Hailstorm to
                  | your library.
  8814 | D:9      | You pick up a book of Cantrips and begin reading...
  8873 | D:8      | HP: 9/59 [poisoned by a gnoll sergeant]
  8923 | D:8      | Reached skill level 9 in Spellcasting
  9045 | D:9      | You pick up a book of Burglary and begin reading...
  9045 | D:9      | You add the spells Passwall, Ensorcelled Hibernation and
                  | Swiftness to your library.
  9106 | D:10     | Entered Level 10 of the Dungeon
  9155 | D:10     | Noticed Erica
  9164 | D:10     | Noticed Urug
  9184 | D:10     | Killed Erica
  9185 | D:10     | Reached XP level 11. HP: 50/63 MP: 20/25
  9191 | D:10     | HP: 10/63 [Urug/+6 broad axe (11)]
  9255 | D:10     | Identified the Catalogue of Changing and Air
  9257 | D:10     | Noticed a two-headed ogre
  9279 | D:10     | Killed a two-headed ogre
  9280 | D:10     | Reached skill level 10 in Spellcasting
  9283 | D:10     | You add the spells Cigotuvi's Dreadful Rot and Yara's
                  | Violent Unravelling to your library.
  9296 | D:10     | Learned a level 5 spell: Yara's Violent Unravelling
  9312 | D:10     | Found a flagged portal.
  9322 | Bailey   | Entered a bailey
  9500 | Bailey   | Noticed an orc knight
  9687 | Bailey   | Killed an orc knight
  9690 | Bailey   | Reached skill level 2 in Fighting
  9796 | Bailey   | Identified the +0 pair of boots of Doapodd {+Inv rF+ rC++}
  9995 | D:10     | HP: 12/67 [gnoll sergeant/+0 trident (13)]
 10141 | D:10     | Found Efical's Weapon Shoppe.
 10143 | D:10     | Found a staircase to the Orcish Mines.
 10148 | D:10     | Found Veunis's Armour Shoppe.
 10227 | D:10     | Reached skill level 11 in Spellcasting
 10236 | D:10     | Reached skill level 3 in Fighting
 10282 | D:10     | Found a staircase to the Lair.
 10302 | D:10     | HP: 20/82 [Urug/javelin (16)]
 10331 | D:10     | HP: 17/69 [yak (10)]
 10344 | D:10     | HP: 11/70 [yak (12)]
 10346 | D:10     | HP: 2/70 [yak (11)]
 10349 | D:10     | Reached skill level 4 in Fighting
 10772 | D:10     | Reached ** piety under Ashenzari
 10800 | D:10     | HP: 17/72 [Urug/iceblast (9)]
 10802 | D:10     | Killed Urug
 10803 | D:10     | Noticed a two-headed ogre
 10892 | D:10     | Killed a two-headed ogre
 10893 | D:10     | Reached skill level 5 in Fighting
 10893 | D:10     | Reached skill level 4 in Unarmed Combat
 11136 | Orc:1    | Entered Level 1 of the Orcish Mines
 11136 | Orc:1    | Noticed a cyclops
 11475 | D:11     | Reached XP level 12. HP: 79/81 MP: 26/28
 11511 | D:11     | Noticed a boulder beetle
 11549 | D:11     | Killed a boulder beetle
 11550 | D:11     | Reached skill level 6 in Fighting
 11550 | D:11     | Reached skill level 5 in Unarmed Combat
 11630 | D:11     | Identified the ring of the Genius {rPois rN+++ MP+9 Str-2
                  | Int+5}
 11638 | D:11     | Noticed a two-headed ogre
 11893 | D:11     | Killed a two-headed ogre
 11988 | D:11     | Reached skill level 6 in Unarmed Combat
 12164 | D:12     | Reached skill level 7 in Fighting
 12536 | D:12     | Reached skill level 7 in Unarmed Combat
 12676 | D:12     | Reached skill level 8 in Fighting
 13222 | D:9      | Bought the amulet of Avaclada {Spirit rN+ Slay+6} for 863
                  | gold pieces
 13297 | D:10     | Reached skill level 8 in Unarmed Combat
 13572 | Lair:1   | Entered Level 1 of the Lair of Beasts
 13587 | Lair:1   | Reached skill level 9 in Fighting
 13692 | Lair:1   | Reached XP level 13. HP: 51/93 MP: 29/29
 13752 | Lair:1   | You pick up a book of Spatial Translocations and begin
                  | reading...
 13752 | Lair:1   | You add the spells Blink, Momentum Strike and Lesser
                  | Beckoning to your library.
 13788 | Lair:1   | Reached skill level 9 in Unarmed Combat
 14134 | Lair:1   | Reached skill level 10 in Fighting
 14737 | Lair:2   | Found a staircase to the Swamp.
 14746 | Lair:2   | Reached skill level 3 in Dodging
 15103 | Lair:2   | Reached *** piety under Ashenzari
 15496 | Lair:3   | Found a staircase to the Snake Pit.
 15507 | Lair:3   | Reached skill level 4 in Dodging
 15674 | Lair:3   | Noticed Snorg
 15690 | Lair:3   | Killed Snorg
 15741 | Lair:3   | Reached skill level 5 in Dodging
 15899 | Lair:3   | Found a radiant altar of Vehumet.
 15921 | Lair:3   | You pick up a book of Vapours and begin reading...
 15921 | Lair:3   | You add the spells Poisonous Vapours and Mephitic Cloud to
                  | your library.
 15929 | Lair:3   | Reached skill level 6 in Dodging
 16276 | Lair:3   | Noticed Gastronok
 16608 | Lair:3   | Killed Gastronok
 17046 | Lair:4   | Reached skill level 7 in Dodging
 17071 | Lair:4   | Reached skill level 8 in Dodging
 17337 | Lair:4   | Reached XP level 14. HP: 102/102 MP: 30/30
 17340 | Lair:4   | Reached skill level 9 in Dodging
 17444 | Lair:4   | Found a runed translucent gate.
 17444 | Lair:4   | Found a runed translucent gate.
 17444 | Lair:4   | Found a runed translucent gate.
 17445 | Lair:4   | Noticed Lufi's ghost (journeyman BaHs)
 17446 | Lair:4   | Noticed Kesmoz's ghost (journeyman MfBe)
 17553 | Lair:4   | Reached skill level 10 in Dodging
 17954 | Lair:4   | Noticed Kilil's ghost (journeyman DrNe)
 18132 | Lair:5   | Entered Level 5 of the Lair of Beasts
 18362 | Lair:5   | Reached skill level 11 in Dodging
 18516 | Lair:5   | Reached skill level 12 in Dodging
 19018 | Lair:5   | Reached **** piety under Ashenzari
 19205 | Lair:5   | Reached skill level 13 in Dodging
 19311 | Lair:5   | Found a staircase to the Slime Pits.
 19334 | Lair:5   | Noticed a dire elephant
 19482 | Lair:5   | Identified Kikubaaqudgh's Folio of Evil
 19629 | Lair:5   | Reached skill level 14 in Dodging
 19652 | Lair:5   | Reached XP level 15. HP: 111/111 MP: 33/33
 20259 | Orc:2    | Entered Level 2 of the Orcish Mines
 20375 | Orc:2    | Found a staircase to the Elven Halls.
 20527 | Orc:2    | Found Viadesti's Book Emporium.
 20541 | Orc:2    | Reached skill level 15 in Dodging
 20629 | Orc:2    | Found Bunwuheada's Antique Weapon Shop.
 20814 | Orc:2    | Found Ymohuyxo's Jewellery Shop.
 20814 | Orc:2    | Found Jiodgh's Assorted Antiques.
 21619 | Orc:2    | Bought a book of the Dragon for 644 gold pieces
 21619 | Orc:2    | You pick up a book of the Dragon and begin reading...
 21619 | Orc:2    | You add the spells Cause Fear, Dragon Form and Dragon's
                  | Call to your library.
 21627 | Orc:2    | Learned a level 7 spell: Dragon Form
 21657 | Orc:1    | Reached skill level 16 in Dodging
 22031 | D:9      | Bought a ring of resist corrosion for 260 gold pieces
 22160 | Snake:1  | Entered Level 1 of the Snake Pit
 22173 | Snake:1  | Found Pehamn's Distillery.
 22175 | Snake:1  | Identified the +6 trident "Liex" {freeze, rC+ rCorr Str-4
                  | SInv}
 22191 | Snake:1  | Bought a potion of berserk rage for 90 gold pieces
 22191 | Snake:1  | Bought a potion of heal wounds for 90 gold pieces
 22414 | Snake:1  | Found Rukkithae's General Store.
 22485 | Snake:1  | Found Cymm's Jewellery Shop.
 22684 | Snake:1  | Found Qotuot's Distillery.
 22729 | Snake:1  | Identified a scroll of acquirement
 22739 | Snake:1  | Acquired the ring of the Mage {Wiz Archmagi}
 22739 | Snake:1  | Found the ring of the Mage {Wiz Archmagi}
 22906 | Snake:1  | Found Orituhui's Book Shoppe.
 23373 | Snake:2  | Reached skill level 13 in Transmutations
 23732 | Snake:2  | Identified +0 gold dragon scales
 23758 | Snake:2  | Reached XP level 16. HP: 117/117 MP: 34/34
 23763 | Snake:2  | Reached skill level 14 in Transmutations
 23771 | Snake:2  | Noticed Vashnia
 23778 | Snake:2  | Killed Vashnia
 24104 | Snake:2  | Noticed a nagaraja
 24110 | Snake:2  | Killed a nagaraja
 24510 | Snake:3  | Reached skill level 15 in Transmutations
 24533 | Snake:3  | You add the spells Olgreb's Toxic Radiance, Ozocubu's
                  | Refrigeration and Ignition to your library.
 24603 | Snake:3  | Identified the cursed +2 hat "At What Cost Knowledge?"
                  | {Cun, Comp} (You took it off Gastronok on level 3 of the
                  | Lair of Beasts)
 24885 | Snake:3  | Noticed a nagaraja
 24895 | Snake:3  | Killed a nagaraja
 25069 | Snake:3  | Noticed a nagaraja
 25087 | Snake:3  | Killed a nagaraja
 25094 | Snake:3  | Reached skill level 16 in Transmutations
 25100 | Snake:3  | HP: 35/175 [something (15)]
 25516 | Snake:3  | Identified the +5 glaive of the Imperium {freeze, Dex+4}
 25755 | Snake:3  | Found Yptevvoso's Jewellery Emporium.
 25755 | Snake:3  | Found Rud Wu Sych's Book Shop.
 25756 | Snake:3  | Found Yntauh's Book Shop.
 25786 | Snake:3  | Found Dotorgh's Weapon Shop.
 26281 | Snake:3  | Noticed a nagaraja
 26342 | Snake:3  | Noticed a nagaraja
 26349 | Snake:3  | Killed a nagaraja
 26350 | Snake:3  | Reached skill level 17 in Transmutations
 26417 | Snake:4  | Entered Level 4 of the Snake Pit
 26517 | Snake:4  | Noticed a nagaraja
 26538 | Snake:4  | Killed a nagaraja
 26550 | Snake:4  | Reached skill level 10 in Unarmed Combat
 26550 | Snake:4  | Noticed a nagaraja
 26555 | Snake:4  | Killed a nagaraja
 26637 | Snake:4  | Reached XP level 17. HP: 124/124 MP: 23/35
 26644 | Snake:4  | Reached skill level 11 in Fighting
 27081 | Snake:4  | Reached skill level 11 in Unarmed Combat
 27347 | Snake:4  | Reached skill level 12 in Fighting
 28107 | Snake:4  | Reached skill level 12 in Unarmed Combat
 28518 | Snake:4  | Reached skill level 13 in Fighting
 28530 | Snake:4  | Got a serpentine rune of Zot
 28846 | Swamp:1  | Entered Level 1 of the Swamp
 28962 | Swamp:1  | Noticed Frances
 28966 | Swamp:1  | Reached skill level 13 in Unarmed Combat
 28971 | Swamp:1  | Killed Frances
 29185 | Swamp:1  | Identified the +5 flail of Imminent Death {drain, rCorr
                  | MP-9 Str+6}
 29189 | Swamp:1  | Reached ***** piety under Ashenzari
 29206 | Swamp:1  | Reached XP level 18. HP: 137/137 MP: 30/36
 29435 | Swamp:1  | You pick up a book of Blood and begin reading...
 29435 | Swamp:1  | You add the spells Sublimation of Blood and Summon Hydra to
                  | your library.
 30052 | Swamp:2  | Reached skill level 14 in Fighting
 30375 | Swamp:3  | Noticed Mara
 30402 | Swamp:3  | Killed Mara
 30613 | Swamp:3  | Reached skill level 14 in Unarmed Combat
 31496 | Swamp:4  | Entered Level 4 of the Swamp
 31579 | Swamp:4  | Noticed Kirke
 31590 | Swamp:4  | Killed Kirke
 32008 | Swamp:4  | Noticed a tentacled monstrosity
 32018 | Swamp:4  | Killed a tentacled monstrosity
 32026 | Swamp:4  | Noticed the 27-headed Lernaean hydra
 32045 | Swamp:4  | Killed the 26-headed Lernaean hydra
 32229 | Swamp:4  | Got a decaying rune of Zot
 32714 | Elf:1    | Entered Level 1 of the Elven Halls
 32882 | D:13     | Reached skill level 12 in Spellcasting
 32986 | D:13     | You add the spells Kindle Blastsparks, Ignite Poison and
                  | Freezing Cloud to your library.
 33082 | D:13     | You pick up a book of the Earth and begin reading...
 33082 | D:13     | You add the spells Leda's Liquefaction, Lee's Rapid
                  | Deconstruction and Statue Form to your library.
 33188 | D:13     | Found a gate to the Vaults.
 33204 | D:13     | Noticed Lodul
 33220 | D:13     | Killed Lodul
 33614 | D:13     | Reached skill level 18 in Transmutations
 33614 | D:13     | Reached XP level 19. HP: 146/146 MP: 34/38
 33707 | D:13     | Identified the +0 pair of gloves "Sisk" {Str+3}
 33821 | D:13     | You pick up a book of Hexes and begin reading...
 33821 | D:13     | You add the spells Inner Flame and Discord to your library.
 34899 | D:15     | Entered Level 15 of the Dungeon
 35024 | D:15     | Found a blossoming altar of Fedhas.
 35255 | D:15     | Learned a level 6 spell: Statue Form
 35263 | D:15     | Learned a level 7 spell: Storm Form
 35431 | D:15     | Found a staircase to the Depths.
 35961 | Depths:1 | Entered Level 1 of the Depths
 35961 | Depths:1 | Found a one-way gateway to a ziggurat.
 36162 | Elf:1    | Found a radiant altar of Vehumet.
 36167 | Elf:1    | Paralysed by an air elemental for 1 turns
 36177 | Elf:1    | Reached skill level 1 in Air Magic
 36274 | Elf:1    | Reached skill level 2 in Air Magic
 36359 | Elf:1    | Reached skill level 13 in Spellcasting
 36454 | Elf:1    | Identified the Omnibus of Allied Conjuring
 36463 | Elf:1    | You add the spells Dazzling Flash, Arcjolt and Malign
                  | Gateway to your library.
 36738 | Elf:1    | Reached skill level 3 in Air Magic
 36872 | Elf:1    | Paralysed by an air elemental for 1 turns
 37082 | Elf:1    | Found a portal to a secret trove of treasure.
 37090 | Elf:1    | This trove needs 10 potions of heal wounds to function.
                  | Give it the items?
 37422 | Elf:2    | Reached skill level 4 in Air Magic
 37571 | Elf:2    | You pick up a book of the Tundra and begin reading...
 37643 | Elf:2    | Found a huge runed translucent gate.
 37643 | Elf:2    | Found a huge runed translucent gate.
 37643 | Elf:2    | Found a huge runed translucent gate.
 37643 | Elf:2    | Found a huge runed translucent gate.
 37645 | Elf:2    | Found a huge runed translucent gate.
 37720 | Elf:2    | Reached skill level 19 in Transmutations
 37883 | Elf:2    | Reached skill level 5 in Air Magic
 37894 | Elf:2    | Reached XP level 20. HP: 144/153 MP: 36/41
 38271 | Elf:2    | Noticed Zenata
 38278 | Elf:2    | Killed Zenata
 38279 | Elf:2    | Reached skill level 6 in Air Magic
 38505 | Elf:3    | Entered Level 3 of the Elven Halls
 38575 | Elf:3    | Found a huge runed gate.
 38575 | Elf:3    | Found a huge runed gate.
 38576 | Elf:3    | Found a huge runed gate.
 38577 | Elf:3    | Found a huge runed gate.
 38577 | Elf:3    | Found a huge runed gate.
 38578 | Elf:3    | Found a huge runed gate.
 38578 | Elf:3    | Found a huge runed gate.
 38578 | Elf:3    | Found a huge runed gate.
 38579 | Elf:3    | Found a huge runed gate.
 38579 | Elf:3    | Found a huge runed gate.
 38580 | Elf:3    | Found a huge runed gate.
 38581 | Elf:3    | Found a huge runed gate.
 38582 | Elf:3    | Found a huge runed gate.
 38583 | Elf:3    | Found a huge runed gate.
 38984 | Elf:3    | Noticed Louise
 38991 | Elf:3    | Killed Louise
 39113 | Elf:3    | Reached skill level 7 in Air Magic
 39136 | Elf:3    | Reached skill level 8 in Air Magic
 39172 | Elf:3    | Identified the +12 halberd "Jetwis Xydo" {vorpal, Int+6
                  | Stlth+}
 39175 | Elf:3    | You pick up a book of Death and begin reading...
 39175 | Elf:3    | You add the spells Animate Dead, Haunt and Infestation to
                  | your library.
 39203 | Elf:3    | You pick up a book of the Hunter and begin reading...
 39317 | Elf:3    | Identified the ring of the Grim God {rN+ rCorr}
 39318 | Elf:3    | Identified the +3 ring mail of Evolution {rElec rPois
                  | Stlth+}
 39318 | Elf:3    | Identified the +1 leather armour of the Vacuum {Will- MP+9
                  | Dex+4 Slay+3}
 39319 | Elf:3    | Identified the +10 shortbow "Roupukko" {vorpal, rPois SInv
                  | Stlth-}
 39319 | Elf:3    | Identified the +7 chain mail of Ufipid {Fly Int+4}
 39321 | Elf:3    | Identified Coahiyj's Directory of the Zephyr and Snow
 39343 | Elf:3    | You add the spells Summon Ice Beast, Summon Lightning Spire
                  | and Polar Vortex to your library.
 39433 | Elf:3    | Identified the ring "Xasisota" {Wiz rPois Str-5 Dex+6
                  | Stlth+}
 39435 | Elf:3    | Identified the ring of Dineuj {rPois MP+9 SInv}
 39449 | Elf:3    | Reached skill level 20 in Transmutations
 39520 | Elf:3    | Acquired 414 gold pieces
 39802 | Elf:3    | Found a huge runed gate.
 39802 | Elf:3    | Found a huge runed gate.
 39803 | Elf:3    | Found a huge runed gate.
 39803 | Elf:3    | Found a huge runed gate.
 39803 | Elf:3    | Found a huge runed gate.
 39813 | Elf:3    | Identified the ring of Xiffack {Ice Str+5}
 39813 | Elf:3    | Identified the +1 crystal plate armour "Mohogebo" {Dex+4}
 39814 | Elf:3    | Noticed a Brimstone Fiend
 39826 | Elf:3    | Reached skill level 9 in Air Magic
 39934 | Elf:3    | Upgraded the game from 0.30-a0-313-gae38170b09 to
                  | 0.30-a0-331-g8ab09dc110
 39934 | Elf:3    | magus.rc [v1.9.6]
 39993 | Elf:1    | This trove needs 10 potions of heal wounds to function.
                  | Give it the items?
 40144 | Vaults:1 | Entered Level 1 of the Vaults
 40272 | Vaults:1 | Found a crumbling gateway.
 40277 | Desolati | Entered the Desolation of Salt
 40333 | Desolati | Identified the Parchment of the Zephyr and the Tesseract
 40333 | Desolati | Identified the Almanac of Polar Shifting
 40333 | Desolati | Identified the +1 helmet of the Kangaroo {Harm rElec rN++
                  | Stlth-}
 40340 | Desolati | Identified the +4 mace of Koajem {venom, rN+ rCorr Int-5}
 40340 | Desolati | Identified the amulet "Heaqysse" {Acrobat Fragile rPois
                  | Slay+5 SInv}
 40346 | Desolati | Reached skill level 10 in Air Magic
 40466 | Desolati | You add the spells Passage of Golubria and Summon Forest to
                  | your library.
 40558 | Desolati | Identified the +0 falchion "Romonuc" {vorpal, rElec Will+
                  | rCorr}
 40568 | Desolati | Reached XP level 21. HP: 129/159 MP: 40/42
 40568 | Desolati | Identified the +7 war axe "Acyir" {chaos, Str+3}
 40690 | Desolati | Identified the Papyrus of the Congregation
 40719 | Desolati | Reached skill level 21 in Transmutations
 40719 | Desolati | Reached skill level 11 in Air Magic
 40756 | Desolati | You add the spells Call Imp, Summon Mana Viper and
                  | Monstrous Menagerie to your library.
 41487 | Vaults:1 | Found Naahopn's General Store.
 41538 | Vaults:1 | You are cast into the Abyss!
 41538 | Abyss:3  | Cast into level 3 of the Abyss (a deep elf demonologist)
 41815 | Abyss:3  | Paralysed by accursed screaming for 1 turns
 41936 | Vaults:1 | You pass through the gate.
 41936 | Vaults:1 | Escaped the Abyss
 42208 | Vaults:1 | Reached skill level 12 in Air Magic
 43004 | Vaults:1 | Acquired the +1 hat of Happiness {rF++}
 43170 | Vaults:2 | Reached skill level 13 in Air Magic
 43305 | Vaults:2 | Reached skill level 22 in Transmutations
 43359 | Vaults:2 | Reached XP level 22. HP: 152/165 MP: 40/43
 43878 | Vaults:2 | Reached skill level 14 in Air Magic
 44230 | Vaults:2 | Found Lisomp's Armour Boutique.
 44457 | Vaults:2 | Found a staircase to the Crypt.
 44457 | Vaults:2 | Found an ancient bone altar of Kikubaaqudgha.
 44457 | Vaults:2 | Found a basalt altar of Yredelemnul.
 44768 | Vaults:3 | Paralysed by a sphinx for 5 turns
 45348 | Vaults:3 | Reached skill level 23 in Transmutations
 45348 | Vaults:3 | Reached skill level 15 in Air Magic
 45546 | Vaults:3 | Identified the +1 robe of Jeveur {Regen+ Str-4 Int+7
                  | Stlth+}
 46252 | Vaults:4 | Reached XP level 23. HP: 171/171 MP: 44/44
 46400 | Vaults:4 | Paralysed by a sphinx for 5 turns
 46610 | Vaults:4 | Reached skill level 14 in Spellcasting
 46616 | Vaults:4 | Identified the +10 morningstar of Incongruity {chaos, rN+
                  | Int+2 Dex-2}
 46920 | Vaults:4 | Reached skill level 15 in Spellcasting
 47259 | Vaults:5 | Entered Level 5 of the Vaults
 47277 | Vaults:5 | Reached skill level 16 in Spellcasting
 47683 | Vaults:5 | Identified the +0 chain mail of Understanding {rC+ Int+3
                  | SInv}
 47696 | Vaults:5 | Reached skill level 17 in Spellcasting
 48057 | Vaults:5 | Reached XP level 24. HP: 76/177 MP: 19/47
 48101 | Vaults:5 | HP: 39/177 [quicksilver dragon/bolt of dispelling energy
                  | (23)]
 48101 | Vaults:5 | Identified the ring of the Scarab {Fly rF+ rCorr Str+3}
 48583 | Vaults:5 | Reached skill level 18 in Spellcasting
 48651 | Vaults:5 | HP: 41/177 [ironbound frostheart/creeping frost[a vault
                  | warden] (10)]
 48666 | Vaults:5 | HP: 41/177 [yaktaur captain (5)]
 48674 | Vaults:5 | HP: 41/177 [shadow dragon (3)]
 49034 | Vaults:5 | Got a silver rune of Zot
 49211 | Vaults:5 | Reached skill level 19 in Spellcasting
 49223 | Vaults:5 | Identified the amulet of the Magpie {RegenMP Int+3}
 49224 | Vaults:5 | Identified the +10 arbalest of Vengeance {flame, rCorr}
 49224 | Vaults:5 | Identified the ring of Beogh's Benevolence {rElec Will-
                  | rCorr EV+4 SInv}
 49224 | Vaults:5 | a vault sentinel comes into view. It is wielding the +10
                  | arbalest of Vengeance {flame, rCorr}, wearing the +3
                  | salamander hide armour {Flames rF++ rC--}, wearing the ring
                  | of Beogh's Benevolence {rElec Will- rCorr EV+4 SInv} and
                  | carrying a wand of paralysis (5).
 49291 | Vaults:5 | Identified the +2 robe of Usourol {*Corrode rF+ Dex+3
                  | Stlth+}
 49292 | Vaults:5 | Identified the +0 ring mail of Verdant Contentment {Contam
                  | rElec Dex+6}
 49295 | Vaults:5 | Found the brooch of Shielding {Spirit SH+8}
 49297 | Vaults:5 | You pick up a book of Spectacle and begin reading...
 49297 | Vaults:5 | You add the spells Iskenderun's Mystic Blast and Starburst
                  | to your library.
 49298 | Vaults:5 | Identified the +4 whip "Ikhoghua" {vorpal, rPois Will+
                  | Int+4}
 49300 | Vaults:5 | Identified the Monograph on Allied Interference
 49305 | Vaults:5 | You pick up a book of Transfigurations and begin reading...
 49305 | Vaults:5 | You add the spells Irradiate and Blade Hands to your
                  | library.
 49499 | Vaults:5 | Identified the +11 rapier of Fear {drain, Int+6 Dex+2}
 50101 | Elf:1    | This trove needs 10 potions of heal wounds to function.
                  | Give it the items?
 50101 | Elf:1    | You paid a toll of 10 potions of heal wounds to enter a
                  | treasure trove
 50102 | Trove    | Entered a treasure trove
 50109 | Trove    | Identified Qyupral's Collected Works on Transfiguration and
                  | Fog
 50110 | Trove    | Identified Magguus's Vademecum on Overcast Curses
 50121 | Trove    | Identified the Incunabulum of Rocky Evolution
 50133 | Trove    | Identified Sif Muna's Octavo of the Tempest
 50134 | Trove    | Identified Sif Muna's Handbook of Poison and Companions
 50139 | Trove    | You add the spells Shock, Lightning Bolt and Conjure Ball
                  | Lightning to your library.
 50143 | Trove    | You add the spells Vhi's Electric Charge and Maxwell's
                  | Capacitive Coupling to your library.
 50148 | Trove    | You add the spells Sting, Eringya's Noxious Bog and
                  | Spellforged Servitor to your library.
 50165 | Trove    | You pick up a book of Storms and begin reading...
 50184 | Trove    | You add the spells Stone Arrow and Iron Shot to your
                  | library.
 50210 | Elf:1    | Learned a level 5 spell: Irradiate
 50452 | Slime:1  | Entered Level 1 of the Pits of Slime
 50484 | Slime:2  | Gained mutation: You occasionally lose the ability to drink
                  | potions when taking damage. [a shining eye]
 50486 | Slime:2  | Gained mutation: Potions are less effective at restoring
                  | your health. [a shining eye]
 50493 | Slime:2  | Gained mutation: You sometimes lose the ability to drink
                  | potions when taking damage. [a shining eye]
 50582 | Slime:5  | Entered Level 5 of the Pits of Slime
 50743 | Slime:5  | Gained mutation: You are vulnerable to cold. (rC-) [a
                  | shining eye]
 50746 | Slime:5  | Gained mutation: Your magical capacity is low. (-10% MP) [a
                  | shining eye]
 50749 | Slime:5  | Gained mutation: You are dopey. (Int -2) [a shining eye]
 50753 | Slime:5  | Gained mutation: You are occasionally teleported next to
                  | monsters. [a shining eye]
 50762 | Slime:5  | Noticed the Royal Jelly
 50776 | Slime:5  | Killed the Royal Jelly
 50777 | Slime:5  | Reached skill level 20 in Spellcasting
 50810 | Slime:5  | Identified the +5 long sword "Lumaryli" {vamp, rPois rC+
                  | Dex+2}
 50811 | Slime:5  | Identified Ycioshez's Folio of Diablerie and Shaping
 50813 | Slime:5  | Identified the +3 ring mail "Nelek" {MP+9 Int+3}
 50813 | Slime:5  | Found the ring of the Octopus King {HP+2 AC+2 EV+2 SH+2
                  | SInv}
 50813 | Slime:5  | Found the ring of the Octopus King {HP+2 AC+2 EV+2 SH+2
                  | SInv}
 50813 | Slime:5  | Identified the +7 scimitar of the Horn {speed, rF+ Will+}
 50926 | Slime:5  | Lost mutation: You sometimes lose the ability to drink
                  | potions when taking damage. [potion of mutation]
 50926 | Slime:5  | Lost mutation: You occasionally lose the ability to drink
                  | potions when taking damage. [potion of mutation]
 50926 | Slime:5  | Lost mutation: Potions are less effective at restoring your
                  | health. [potion of mutation]
 50926 | Slime:5  | Gained mutation: You are very dopey. (Int -4) [potion of
                  | mutation]
 50930 | Slime:5  | Lost mutation: You are occasionally teleported next to
                  | monsters. [potion of mutation]
 50930 | Slime:5  | Lost mutation: You are very dopey. (Int -4) [potion of
                  | mutation]
 50930 | Slime:5  | Lost mutation: Your magical capacity is low. (-10% MP)
                  | [potion of mutation]
 50930 | Slime:5  | Gained mutation: You are very vulnerable to cold. (rC--)
                  | [potion of mutation]
 50930 | Slime:5  | Gained mutation: You have hidden genetic potential. [potion
                  | of mutation]
 51089 | Slime:5  | You pick up a book of Decay and begin reading...
 51115 | Slime:5  | Learned a level 6 spell: Death Channel
 51127 | Slime:5  | Got a slimy rune of Zot
 51487 | Lair:5   | Lost mutation: You have hidden genetic potential. [potion
                  | of mutation]
 51487 | Lair:5   | Lost mutation: You are dopey. (Int -2) [potion of mutation]
 51487 | Lair:5   | Lost mutation: You are very vulnerable to cold. (rC--)
                  | [potion of mutation]
 51487 | Lair:5   | Gained mutation: You are strong-willed. (Will+) [potion of
                  | mutation]
 51514 | Lair:5   | Lost mutation: You are vulnerable to cold. (rC-) [potion of
                  | mutation]
 51514 | Lair:5   | Lost mutation: You are strong-willed. (Will+) [potion of
                  | mutation]
 51514 | Lair:5   | Gained mutation: You are frail. (-10% HP) [potion of
                  | mutation]
 51515 | Lair:5   | Lost mutation: You are frail. (-10% HP) [potion of
                  | mutation]
 51515 | Lair:5   | Gained mutation: You are partially covered in iridescent
                  | scales. (AC +2) [potion of mutation]
 52188 | Depths:1 | Reached XP level 25. HP: 183/183 MP: 50/50
 52259 | Depths:1 | Found a gateway to Hell.
 52488 | Depths:1 | Reached skill level 21 in Spellcasting
 52846 | Depths:2 | Noticed a caustic shrike
 52846 | Depths:2 | Noticed a caustic shrike
 52846 | Depths:2 | Identified the +0 spear of Heleno {antimagic, rCorr}
 52846 | Depths:2 | Identified the ring "Dyxoid" {AC+4 Int+4 SInv}
 52848 | Depths:2 | Noticed a juggernaut
 52849 | Depths:2 | Noticed a caustic shrike
 52858 | Depths:2 | Killed a caustic shrike
 52859 | Depths:2 | Killed a caustic shrike
 52860 | Depths:2 | Killed a caustic shrike
 52861 | Depths:2 | Reached skill level 22 in Spellcasting
 52861 | Depths:2 | Killed a juggernaut
 53271 | Depths:2 | Identified the +3 chain mail of the Cockroach {rN+ Stlth+}
 53295 | Depths:2 | Reached skill level 23 in Spellcasting
 53453 | Depths:2 | Noticed Aizul
 53466 | Depths:2 | Killed Aizul
 53800 | Depths:2 | Found a one-way gate leading to the halls of Pandemonium.
 53889 | Depths:3 | Found Umidor's Book Emporium.
 53893 | Depths:3 | Identified +0 gold dragon scales
 53952 | Depths:3 | Found Oqimo's Jewellery Emporium.
 54115 | Depths:3 | Found a transporter.
 54153 | Depths:3 | Found a runed translucent gate.
 54153 | Depths:3 | Found a runed translucent gate.
 54157 | Depths:3 | Found a runed translucent gate.
 54158 | Depths:3 | Noticed Vesyph's ghost (adept SpAK)
 54158 | Depths:3 | Noticed Bilir's ghost (adept DECj)
 54158 | Depths:3 | Identified the +0 helmet "Seoduxt" {rC+ Regen+ Dex-5}
 54198 | Depths:3 | Found a broken altar of Ashenzari.
 54286 | Depths:3 | Found a transporter.
 54286 | Depths:3 | Identified the amulet "Silinol" {Faith Rampage}
 54289 | Depths:3 | Identified the +0 robe of Dyspraxia {rPois Will+}
 54292 | Depths:3 | Identified the ring of the Invisible Hand {Wiz rN+ MP+9
                  | Int+8 Dex-4}
 54442 | Depths:3 | Killed Vesyph's ghost
 54452 | Depths:3 | Killed Bilir's ghost
 54703 | Depths:3 | Noticed a caustic shrike
 54716 | Depths:3 | Killed a caustic shrike
 54717 | Depths:3 | Reached XP level 26. HP: 171/189 MP: 52/53
 54846 | Depths:4 | Entered Level 4 of the Depths
 54859 | Depths:4 | Noticed a juggernaut
 54871 | Depths:4 | Killed a juggernaut
 54890 | Depths:4 | Reached skill level 24 in Spellcasting
 54952 | Depths:4 | Reached skill level 15 in Fighting
 54952 | Depths:4 | Reached skill level 15 in Unarmed Combat
 54974 | Depths:4 | Noticed a juggernaut
 54983 | Depths:4 | Killed a juggernaut
 55106 | Depths:4 | Found a gate to the Realm of Zot.
 55141 | Depths:4 | Found Doidobb's Assorted Antiques.
 55260 | Depths:4 | Found Udejesm's Jewellery Emporium.
 55260 | Depths:4 | Found Vioroleun's Book Shoppe.
 55264 | Depths:4 | Found Idaitsism's Distillery.
 55268 | Depths:4 | Bought the ring of Wonatav {MP+9 Int+9 Slay+3} for 819 gold
                  | pieces
 55546 | Hell     | Entered the Vestibule of Hell
 55546 | Hell     | Noticed Geryon
 55683 | Zig:1    | Entered Level 1 of a ziggurat
 55700 | Zig:2    | Entered Level 2 of a ziggurat
 55703 | Zig:2    | Identified the +9 flail "Ybuahut" {vorpal, *Noise Dex+6}
 55727 | Zig:3    | Entered Level 3 of a ziggurat
 55744 | Zig:3    | You pick up a book of Minor Magic and begin reading...
 55750 | Zig:4    | Entered Level 4 of a ziggurat
 55774 | Zig:5    | Entered Level 5 of a ziggurat
 55778 | Zig:5    | Identified the +1 storm dragon scales "Juratem" {rElec
                  | rPois Will++ Slay-3}
 55799 | Zig:5    | You pick up a book of the Moon and begin reading...
 55799 | Zig:5    | You add the spells Silence and Lehudib's Crystal Spear to
                  | your library.
 55812 | Zig:6    | Entered Level 6 of a ziggurat
 55817 | Zig:6    | Identified the +6 morningstar of Zauloappozi {drain, Int+2}
 55819 | Zig:6    | Noticed Kihioxua the pandemonium lord
 55819 | Zig:6    | Identified the +3 scimitar "Nefyqizede" {flame, Will+++
                  | Str+4}
 55837 | Zig:6    | Killed Kihioxua the pandemonium lord
 55863 | Zig:7    | Entered Level 7 of a ziggurat
 55867 | Zig:7    | Noticed a Killer Klown
 55868 | Zig:7    | Noticed a Killer Klown
 55868 | Zig:7    | Identified the +0 leather armour of the Original Sin
                  | {Int+2}
 55868 | Zig:7    | Found the +8 lance "Wyrmbane" {slay drac, rPois rF+ rC+
                  | AC+3}
 55875 | Zig:7    | Killed a Killer Klown
 55883 | Zig:7    | Killed a Killer Klown
 55928 | Zig:7    | Learned a level 8 spell: Necromutation
 55951 | Zig:8    | Entered Level 8 of a ziggurat
 55959 | Zig:8    | Noticed a Killer Klown
 55959 | Zig:8    | Noticed Zogaun the pandemonium lord
 55959 | Zig:8    | Identified the +2 war axe of Twilight {venom, Will+}
 55960 | Zig:8    | Identified the +5 dagger of Linearity {spect, Will+}
 55976 | Zig:8    | Killed a Killer Klown
 55989 | Zig:8    | Killed Zogaun the pandemonium lord
 55990 | Zig:8    | Reached skill level 16 in Fighting
 55990 | Zig:8    | Reached skill level 16 in Unarmed Combat
 55997 | Zig:8    | You pick up a book of Blasting and begin reading...
 56176 | Zig:9    | Entered Level 9 of a ziggurat
 56377 | Zig:10   | Entered Level 10 of a ziggurat
 56387 | Zig:10   | Identified the +2 leather armour of Compression {Str+4}
 56571 | Zig:10   | You pick up a book of Misfortune and begin reading...
 56600 | Zig:11   | Entered Level 11 of a ziggurat
 56612 | Zig:11   | Identified the ring of the Scarab {Fire Fly rCorr MP-9
                  | Str+7}
 56613 | Zig:11   | Identified a potion of experience
 56613 | Zig:11   | Gained mutation: You are dopey. (Int -2) [a shining eye]
 56673 | Zig:11   | You pick up a book of Lightning and begin reading...
 56697 | Zig:11   | Reached skill level 4 in Necromancy
 56697 | Zig:11   | Reached XP level 27. HP: 201/201 MP: 54/54
 56718 | Zig:12   | Entered Level 12 of a ziggurat
 56731 | Zig:12   | Identified the +8 spear "Impslayer" {flame, rPois}
 56731 | Zig:12   | Identified the +10 halberd of Kiwa Esi {vorpal, rF++
                  | Stlth-}
 56732 | Zig:12   | Identified the +10 short sword of Ointment {freeze, Stlth+}
 56739 | Zig:12   | Reached skill level 17 in Fighting
 56739 | Zig:12   | Reached skill level 17 in Unarmed Combat
 56754 | Zig:12   | Reached skill level 7 in Necromancy
 56761 | Zig:12   | You pick up a book of Annihilations and begin reading...
 56761 | Zig:12   | You add the spells Chain Lightning, Fire Storm and Shatter
                  | to your library.
 56797 | Zig:13   | Entered Level 13 of a ziggurat
 56812 | Zig:13   | Identified the +7 rapier of Responsibility {vorpal,
                  | *Corrode rElec Int+5 SInv}
 56812 | Zig:13   | Identified the +6 sling "Bifai" {flame, Dex+2}
 56813 | Zig:13   | Noticed a dread lich
 56813 | Zig:13   | Identified the +4 morningstar "Jellyslayer" {protect,
                  | +Blink rF- Int+2 Dex+4}
 56813 | Zig:13   | Identified the +4 arbalest "Killer Klown's Bane" {flame,
                  | rF++ rC+ rCorr Dex-4}
 56813 | Zig:13   | Identified the +1 great mace "Laczemesae" {freeze, rF+}
 56813 | Zig:13   | Identified the ring of Lyshripte {rF+ Dex+4 Slay+3}
 56818 | Zig:13   | Killed a dread lich
 57001 | Zig:14   | Entered Level 14 of a ziggurat
 57011 | Zig:14   | Noticed a curse skull
 57011 | Zig:14   | Noticed MrSquiggles's ghost (legendary MiFi)
 57012 | Zig:14   | Noticed a curse skull
 57013 | Zig:14   | Noticed Qeilemp's ghost (legendary HOFi)
 57014 | Zig:14   | Noticed blackman's ghost (veteran DgGl)
 57018 | Zig:14   | Killed a curse skull
 57024 | Zig:14   | Killed a curse skull
 57026 | Zig:14   | Killed Qeilemp's ghost
 57046 | Zig:14   | Killed blackman's ghost
 57051 | Zig:14   | Reached skill level 18 in Unarmed Combat
 57055 | Zig:14   | Killed MrSquiggles's ghost
 57056 | Zig:14   | Reached skill level 18 in Fighting
 57064 | Zig:14   | Identified the +9 rapier of Contention {venom, +Blink rCorr
                  | Str-3}
 57377 | Zig:15   | Entered Level 15 of a ziggurat
 57393 | Zig:15   | Identified the +0 pair of boots of Divine Compulsion {rC-
                  | Int+4}
 57394 | Zig:15   | Identified the +9 morningstar of Evolution {chaos, +Blink
                  | rC+}
 57400 | Zig:15   | Identified the Encyclopedia of the Stormy Chill
 57400 | Zig:15   | Identified the +11 halberd "Moneha" {flame, Dex+2}
 57569 | Zig:16   | Entered Level 16 of a ziggurat
 57588 | Zig:16   | Noticed a caustic shrike
 57589 | Zig:16   | Noticed a caustic shrike
 57589 | Zig:16   | Noticed a caustic shrike
 57589 | Zig:16   | Noticed a caustic shrike
 57589 | Zig:16   | Identified the +10 longbow of Etzuuvuu {drain, Dex+7}
 57590 | Zig:16   | Killed a caustic shrike
 57592 | Zig:16   | Killed a caustic shrike
 57594 | Zig:16   | HP: 50/201 [iron giant/hellion (12)]
 58017 | Depths:1 | Lost mutation: You are partially covered in iridescent
                  | scales. (AC +2) [potion of mutation]
 58017 | Depths:1 | Lost mutation: You are dopey. (Int -2) [potion of mutation]
 58017 | Depths:1 | Gained mutation: You are weak. (Str -2) [potion of
                  | mutation]
 58017 | Depths:1 | Gained mutation: You occasionally lose the ability to drink
                  | potions when taking damage. [potion of mutation]
 58017 | Depths:1 | Gained mutation: Your body sometimes deteriorates upon
                  | taking damage. [potion of mutation]
 58017 | Depths:1 | Gained mutation: Your flesh is cold resistant. (rC+)
                  | [potion of mutation]
 58018 | Depths:1 | Lost mutation: Your body sometimes deteriorates upon taking
                  | damage. [potion of mutation]
 58018 | Depths:1 | Lost mutation: You occasionally lose the ability to drink
                  | potions when taking damage. [potion of mutation]
 58018 | Depths:1 | Lost mutation: Your flesh is cold resistant. (rC+) [potion
                  | of mutation]
 58018 | Depths:1 | Gained mutation: You are strong-willed. (Will+) [potion of
                  | mutation]
 58018 | Depths:1 | Gained mutation: You are highly strong-willed. (Will++)
                  | [potion of mutation]
 58018 | Depths:1 | Gained mutation: You are agile. (Dex +4, Str/Int -1)
                  | [potion of mutation]
 58019 | Depths:1 | Lost mutation: You are weak. (Str -2) [potion of mutation]
 58019 | Depths:1 | Lost mutation: You are highly strong-willed. (Will++)
                  | [potion of mutation]
 58019 | Depths:1 | Lost mutation: You are agile. (Dex +4, Str/Int -1) [potion
                  | of mutation]
 58084 | Hell     | Killed Geryon
 58136 | Hell     | Reached skill level 19 in Fighting
 58136 | Hell     | Reached skill level 19 in Unarmed Combat
 58371 | Hell     | Found a gateway to the ashen valley of Gehenna.
 58461 | Hell     | Found a gateway to the decaying netherworld of Tartarus.
 58523 | Hell     | Found a gateway to the freezing wastes of Cocytus.
 58579 | Hell     | Found a gateway to the Iron City of Dis.
 58718 | Tar:1    | Entered Level 1 of Tartarus
 59599 | Tar:3    | Reached skill level 20 in Fighting
 59599 | Tar:3    | Reached skill level 20 in Unarmed Combat
 59629 | Tar:3    | Found a huge runed gate.
 59629 | Tar:3    | Found a huge runed gate.
 59629 | Tar:3    | Found a huge runed gate.
 59631 | Tar:3    | Found a huge runed gate.
 59631 | Tar:3    | Found a huge runed gate.
 59631 | Tar:3    | Found a huge runed gate.
 59638 | Tar:3    | Found a huge runed gate.
 59638 | Tar:3    | Found a huge runed gate.
 59640 | Tar:3    | Found a huge runed gate.
 59653 | Tar:3    | Found a huge runed gate.
 59653 | Tar:3    | Found a huge runed gate.
 59653 | Tar:3    | Found a huge runed gate.
 59653 | Tar:3    | Found a huge runed gate.
 59654 | Tar:3    | Found a huge runed gate.
 59655 | Tar:3    | Found a huge runed gate.
 59659 | Tar:3    | Found a huge runed gate.
 59660 | Tar:3    | Found a huge runed gate.
 59661 | Tar:3    | Found a huge runed gate.
 59666 | Tar:3    | Noticed an ancient lich
 59669 | Tar:3    | HP: 35/207 [ancient lich/crystal spear (76)]
 59693 | Tar:3    | HP: 45/207 [??? (16)]
 59725 | Tar:3    | Killed an ancient lich
 59769 | Tar:3    | HP: 49/209 [reaper/+1 vampiric scythe[a doom hound] (14)]
 59773 | Tar:3    | Noticed an ancient lich
 59778 | Tar:3    | HP: 30/209 [reaper/+2 scythe of venom[a doom hound] (24)]
 59785 | Tar:3    | HP: 25/209 [???[a doom hound] (8)]
 60319 | Tar:4    | Reached skill level 21 in Fighting
 60319 | Tar:4    | Reached skill level 21 in Unarmed Combat
 61817 | Tar:7    | Entered Level 7 of Tartarus
 62057 | Tar:7    | Reached skill level 22 in Fighting
 62057 | Tar:7    | Reached skill level 22 in Unarmed Combat
 62220 | Tar:7    | Identified the +1 ring mail "Qeloudum" {*Slow rPois Will-
                  | Stlth+}
 62226 | Tar:7    | Identified the +10 rapier of Sharkskin {venom, Dex+3}
 63718 | Tar:7    | Identified the ring of Josifepu {Will+ Str+4}
 63719 | Tar:7    | Identified the amulet "Itileraaly" {Spirit rF+}
 63748 | Tar:7    | You pick up a book of the Senses and begin reading...
 63802 | Tar:7    | Noticed Ereshkigal
 63811 | Tar:7    | Killed Ereshkigal
 63826 | Tar:7    | You pick up a book of Power and begin reading...
 63830 | Tar:7    | Identified the Compendium of Allied Ensorcelling
 63834 | Tar:7    | Got a bone rune of Zot
 63989 | Tar:7    | Reached skill level 23 in Fighting
 63989 | Tar:7    | Reached skill level 23 in Unarmed Combat
 64085 | Dis:1    | Entered Level 1 of the Iron City of Dis
 64100 | Dis:1    | Noticed a caustic shrike
 64100 | Dis:1    | Noticed a caustic shrike
 64100 | Dis:1    | Noticed a caustic shrike
 64100 | Dis:1    | Noticed a caustic shrike
 64100 | Dis:1    | Noticed a caustic shrike
 64103 | Dis:1    | Killed a caustic shrike
 64105 | Dis:1    | Killed a caustic shrike
 64109 | Dis:1    | Killed a caustic shrike
 64110 | Dis:1    | Killed a caustic shrike
 64115 | Dis:1    | Killed a caustic shrike
 64118 | Dis:1    | Noticed a caustic shrike
 64118 | Dis:1    | Noticed a caustic shrike
 64118 | Dis:1    | Noticed a caustic shrike
 64118 | Dis:1    | Noticed a caustic shrike
 64120 | Dis:1    | Killed a caustic shrike
 64123 | Dis:1    | Killed a caustic shrike
 64124 | Dis:1    | Killed a caustic shrike
 64127 | Dis:1    | Killed a caustic shrike
 64135 | Dis:1    | Gained mutation: You are clumsy. (Dex -2) [mutagenic glow]
 64144 | Dis:1    | Gained mutation: You are dopey. (Int -2) [mutagenic glow]
 64246 | Dis:1    | Noticed a caustic shrike
 64251 | Dis:1    | Killed a caustic shrike
 64253 | Dis:1    | Noticed a caustic shrike
 64253 | Dis:1    | Noticed a caustic shrike
 64254 | Dis:1    | Noticed a caustic shrike
 64257 | Dis:1    | Killed a caustic shrike
 64262 | Dis:1    | Killed a caustic shrike
 64263 | Dis:1    | Killed a caustic shrike
 64712 | Dis:1    | Noticed an ancient lich
 64715 | Dis:1    | Killed an ancient lich
 64908 | Dis:2    | Noticed a caustic shrike
 64908 | Dis:2    | Noticed a caustic shrike
 64908 | Dis:2    | Noticed a caustic shrike
 64908 | Dis:2    | Noticed a caustic shrike
 64908 | Dis:2    | Noticed a caustic shrike
 64913 | Dis:2    | Killed a caustic shrike
 64914 | Dis:2    | Killed a caustic shrike
 64915 | Dis:2    | Killed a caustic shrike
 64922 | Dis:2    | Killed a caustic shrike
 64922 | Dis:2    | Killed a caustic shrike
 65208 | Dis:3    | Noticed an ancient lich
 65215 | Dis:3    | Killed an ancient lich
 65338 | Dis:3    | Noticed a dread lich
 65348 | Dis:3    | Killed a dread lich
 65370 | Dis:3    | Reached skill level 24 in Fighting
 65370 | Dis:3    | Reached skill level 24 in Unarmed Combat
 65392 | Dis:3    | HP: 47/218 [??? (16)]
 65538 | Dis:3    | Noticed a dread lich
 65543 | Dis:3    | Killed a dread lich
 65712 | Dis:3    | Noticed a dread lich
 65718 | Dis:3    | Killed a dread lich
 65722 | Dis:3    | Noticed a juggernaut
 65727 | Dis:3    | Killed a juggernaut
 66743 | Dis:5    | Reached skill level 17 in Dodging
 67001 | Dis:6    | Reached skill level 16 in Air Magic
 67228 | Dis:6    | Noticed a dread lich
 67237 | Dis:6    | Killed a dread lich
 67350 | Dis:6    | Reached skill level 18 in Dodging
 67431 | Dis:6    | Noticed a caustic shrike
 67431 | Dis:6    | Noticed a caustic shrike
 67431 | Dis:6    | Noticed a caustic shrike
 67434 | Dis:6    | Killed a caustic shrike
 67437 | Dis:6    | Killed a caustic shrike
 67439 | Dis:6    | Killed a caustic shrike
 67475 | Dis:7    | Entered Level 7 of the Iron City of Dis
 67627 | Dis:7    | Noticed a caustic shrike
 67631 | Dis:7    | Noticed a caustic shrike
 67632 | Dis:7    | Noticed a caustic shrike
 67632 | Dis:7    | Noticed a caustic shrike
 67635 | Dis:7    | Killed a caustic shrike
 67637 | Dis:7    | Killed a caustic shrike
 67637 | Dis:7    | Killed a caustic shrike
 67641 | Dis:7    | Killed a caustic shrike
 67931 | Dis:7    | Reached skill level 19 in Dodging
 67969 | Dis:7    | Reached skill level 17 in Air Magic
 68062 | Dis:7    | Noticed a caustic shrike
 68066 | Dis:7    | Killed a caustic shrike
 68382 | Dis:7    | Noticed a caustic shrike
 68390 | Dis:7    | Killed a caustic shrike
 68626 | Dis:7    | Reached skill level 20 in Dodging
 68644 | Dis:7    | Noticed a caustic shrike
 68653 | Dis:7    | Killed a caustic shrike
 68657 | Dis:7    | Noticed a caustic shrike
 68662 | Dis:7    | Killed a caustic shrike
 68807 | Dis:7    | Reached skill level 18 in Air Magic
 68813 | Dis:7    | Noticed a caustic shrike
 68815 | Dis:7    | Noticed a juggernaut
 68815 | Dis:7    | Noticed a caustic shrike
 68815 | Dis:7    | Noticed a caustic shrike
 68818 | Dis:7    | Noticed a caustic shrike
 68819 | Dis:7    | Killed a caustic shrike
 68819 | Dis:7    | Noticed a caustic shrike
 68823 | Dis:7    | Killed a caustic shrike
 68825 | Dis:7    | Killed a juggernaut
 68825 | Dis:7    | Killed a caustic shrike
 68827 | Dis:7    | Killed a caustic shrike
 68827 | Dis:7    | Killed a caustic shrike
 68841 | Dis:7    | Reached skill level 21 in Dodging
 68855 | Dis:7    | Noticed a juggernaut
 68859 | Dis:7    | Found the +4 staff of Dispater
 68859 | Dis:7    | Noticed Dispater
 68859 | Dis:7    | Noticed a caustic shrike
 68859 | Dis:7    | Dispater is wielding the +4 staff of Dispater.
 68862 | Dis:7    | Killed a juggernaut
 68865 | Dis:7    | HP: 51/220 [iron golem (26)]
 69210 | Dis:7    | You pick up a book of Necromancy and begin reading...
 69275 | Dis:7    | Killed a caustic shrike
 69691 | Dis:7    | Killed Dispater
 69694 | Dis:7    | Identified the +2 battleaxe of Wiboeduibi {antimagic, Fly}
 70006 | Dis:7    | Got an iron rune of Zot
 70148 | Geh:1    | Entered Level 1 of Gehenna
 70207 | Geh:1    | Reached skill level 19 in Air Magic
 70976 | Snake:1  | Bought a Necronomicon for 952 gold pieces
 70976 | Snake:1  | You add the spells Borgnjor's Revivification and Death's
                  | Door to your library.
 70985 | Snake:1  | Learned a level 8 spell: Borgnjor's Revivification
 70995 | Snake:1  | Learned a level 9 spell: Death's Door
 71668 | Geh:3    | Reached skill level 20 in Air Magic
 72524 | Geh:6    | Noticed a dread lich
 72527 | Geh:6    | Killed a dread lich
 72528 | Geh:6    | Reached skill level 21 in Air Magic
 72705 | Geh:7    | Entered Level 7 of Gehenna
 72869 | Geh:7    | Identified Sif Muna's Papyrus of Blight and the Quarry
 72937 | Geh:7    | Noticed the Serpent of Hell
 72946 | Geh:7    | Killed the Serpent of Hell
 72950 | Geh:7    | Reached skill level 22 in Air Magic
 73052 | Geh:7    | Identified the ring of Democracy {rPois rC++ MP+9 Dex+2}
 73487 | Geh:7    | Found the +7 sceptre of Asmodeus
 73487 | Geh:7    | Noticed Asmodeus
 73487 | Geh:7    | Asmodeus is wielding the +7 sceptre of Asmodeus.
 73501 | Geh:7    | Killed Asmodeus
 73506 | Geh:7    | Identified the ring of Zomn {AC+4 Int+3 Dex+4}
 73608 | Geh:7    | Got an obsidian rune of Zot
 73883 | Coc:1    | Entered Level 1 of Cocytus
 74277 | Coc:2    | Noticed a juggernaut
 74283 | Coc:2    | Killed a juggernaut
 74285 | Coc:2    | Noticed a juggernaut
 74293 | Coc:2    | Killed a juggernaut
 74294 | Coc:2    | Reached skill level 23 in Air Magic
 74311 | Coc:2    | Noticed a juggernaut
 74319 | Coc:2    | Killed a juggernaut
 74797 | Coc:2    | Noticed a juggernaut
 74807 | Coc:2    | Killed a juggernaut
 74918 | Coc:3    | Reached skill level 24 in Air Magic
 74992 | Coc:3    | Paralysed by a wendigo for 1 turns
 75327 | Coc:4    | HP: 48/215 [titan simulacrum (16)]
 75337 | Coc:4    | HP: 43/215 [water elemental[an elemental wellspring] (7)]
 75437 | Coc:4    | Paralysed by a wendigo for 1 turns
 75729 | Coc:5    | Reached skill level 25 in Air Magic
 76113 | Coc:6    | HP: 46/215 [elemental wellspring/torrent of water (11)]
 76122 | Coc:6    | HP: 50/215 [elemental wellspring/torrent of water (3)]
 76560 | Coc:7    | Entered Level 7 of Cocytus
 76635 | Coc:7    | Reached skill level 8 in Necromancy
 76753 | Coc:7    | Reached skill level 9 in Necromancy
 76772 | Coc:7    | Reached skill level 10 in Necromancy
 76824 | Coc:7    | Reached skill level 11 in Necromancy
 77086 | Coc:7    | Paralysed by a wendigo for 1 turns
 77127 | Coc:7    | Reached skill level 12 in Necromancy
 77133 | Coc:7    | Identified the ring "Eweqym" {rF+ AC+4 Stlth+}
 77150 | Coc:7    | You pick up a book of Fire and begin reading...
 77150 | Coc:7    | You add the spells Foxfire and Fireball to your library.
 77531 | Coc:7    | Reached skill level 13 in Necromancy
 77750 | Coc:7    | Reached skill level 14 in Necromancy
 77797 | Coc:7    | Noticed Antaeus
 77803 | Coc:7    | HP: 53/215 [Antaeus (12)]
 78400 | Coc:7    | Killed Antaeus
 78436 | Coc:7    | Got an icy rune of Zot
 78960 | Depths:2 | Voluntarily entered the Abyss.
 79102 | Abyss:3  | Reached skill level 15 in Necromancy
 79196 | Abyss:3  | Found a sacrificial altar of Ru.
 79268 | Abyss:3  | Got an abyssal rune of Zot
 79410 | Abyss:3  | Reached skill level 16 in Necromancy
 79487 | Depths:2 | You pass through the gate.
 79487 | Depths:2 | Escaped the Abyss
 79764 | Depths:2 | Lost mutation: You are clumsy. (Dex -2) [potion of
                  | mutation]
 79764 | Depths:2 | Lost mutation: You are strong-willed. (Will+) [potion of
                  | mutation]
 79764 | Depths:2 | Lost mutation: You are dopey. (Int -2) [potion of mutation]
 79764 | Depths:2 | Gained mutation: You are agile. (Dex +4, Str/Int -1)
                  | [potion of mutation]
 79764 | Depths:2 | Gained mutation: You are robust. (+10% HP) [potion of
                  | mutation]
 79857 | Pan      | Entered Pandemonium
 79941 | Pan      | Noticed Oniush the pandemonium lord
 79962 | Pan      | HP: 51/236 [Oniush the pandemonium lord (22)]
 79969 | Pan      | HP: 11/236 [Oniush the pandemonium lord/great icy blast
                  | (56)]
 79975 | Pan      | HP: 43/236 [Oniush the pandemonium lord/great icy blast
                  | (18)]
 80004 | Pan      | HP: 49/236 [Oniush the pandemonium lord (11)]
 80006 | Pan      | Killed Oniush the pandemonium lord
 80445 | Pan      | Lost mutation: You are agile. (Dex +4, Str/Int -1) [a
                  | neqoxec]
 80448 | Pan      | Gained mutation: You sometimes lose your temper in combat.
                  | [a neqoxec]
 80465 | Pan      | Lost mutation: You sometimes lose your temper in combat.
                  | [potion of mutation]
 80465 | Pan      | Lost mutation: You are robust. (+10% HP) [potion of
                  | mutation]
 80465 | Pan      | Gained mutation: You are strong-willed. (Will+) [potion of
                  | mutation]
 80465 | Pan      | Gained mutation: You are vulnerable to heat. (rF-) [potion
                  | of mutation]
 80560 | Pan      | Reached skill level 17 in Necromancy
 80635 | Pan      | Gained mutation: You are frail. (-10% HP) [a neqoxec]
 80861 | Pan      | Lost mutation: You are frail. (-10% HP) [potion of
                  | mutation]
 80861 | Pan      | Lost mutation: You are strong-willed. (Will+) [potion of
                  | mutation]
 80861 | Pan      | Lost mutation: You are vulnerable to heat. (rF-) [potion of
                  | mutation]
 80861 | Pan      | Gained mutation: You are partially covered in iridescent
                  | scales. (AC +2) [potion of mutation]
 80861 | Pan      | Gained mutation: One of your tentacles bears a spike.
                  | [potion of mutation]
 80861 | Pan      | Gained mutation: You have hidden genetic potential. [potion
                  | of mutation]
 81086 | Pan      | Noticed Reko the pandemonium lord
 81095 | Pan      | Killed Reko the pandemonium lord
 81095 | Pan      | Gained mutation: Your body sometimes deteriorates upon
                  | taking damage. [a cacodemon]
 81107 | Pan      | Reached skill level 1 in Earth Magic
 81107 | Pan      | Gained mutation: You are dopey. (Int -2) [a cacodemon]
 81110 | Pan      | Reached skill level 2 in Earth Magic
 81118 | Pan      | Reached skill level 3 in Earth Magic
 81143 | Pan      | Learned a level 9 spell: Shatter
 81205 | Pan      | Reached skill level 4 in Earth Magic
 81556 | Pan      | Reached skill level 5 in Earth Magic
 82125 | Pan      | Reached skill level 6 in Earth Magic
 82405 | Pan      | Reached skill level 7 in Earth Magic
 82484 | Pan      | Noticed Laugi the pandemonium lord
 82493 | Pan      | Killed Laugi the pandemonium lord
 82676 | Pan      | Reached skill level 8 in Earth Magic
 82722 | Pan      | Gained mutation: Your body often deteriorates upon taking
                  | damage. [a cacodemon]
 82725 | Pan      | Gained mutation: Potions are less effective at restoring
                  | your health. [a cacodemon]
 83053 | Pan      | Reached skill level 9 in Earth Magic
 83247 | Pan      | Noticed Mennas
 83258 | Pan      | Killed Mennas
 83259 | Pan      | Reached skill level 10 in Earth Magic
 83329 | Pan      | Found an exit through the horrors of the Abyss.
 83481 | Pan      | Gained mutation: You are frail. (-10% HP) [a neqoxec]
 83499 | Pan      | Noticed Rynerij the pandemonium lord
 83509 | Pan      | Killed Rynerij the pandemonium lord
 83521 | Pan      | Gained mutation: You are very dopey. (Int -4) [a neqoxec]
 83524 | Pan      | Reached skill level 11 in Earth Magic
 84008 | Pan      | Entered the realm of Cerebov.
 84049 | Pan      | Reached skill level 12 in Earth Magic
 84052 | Pan      | Found the +6 sword of Cerebov {flame}
 84052 | Pan      | Cerebov, Demon Lord of Fire and Steel comes into view. They
                  | are wielding the +6 sword of Cerebov {flame}.
 84052 | Pan      | Noticed Cerebov
 84068 | Pan      | Killed Cerebov
 84069 | Pan      | Reached skill level 13 in Earth Magic
 84121 | Pan      | Identified the +3 quarterstaff "Xorionae" {flame, Int+3
                  | Dex+2}
 84121 | Pan      | Identified the +9 sling of Distant Shores {flame, Str+3
                  | Int+4}
 84121 | Pan      | Identified Esiotapn's Encyclopedia of Dusty Changing
 84330 | Pan      | Reached skill level 14 in Earth Magic
 84350 | Pan      | Gained mutation: Your flesh is heat resistant. (rF+)
                  | [hidden potential]
 84385 | Pan      | Got a fiery rune of Zot
 84426 | Pan      | Identified Buuplie's Parchment of the Zephyr and
                  | Ensorcelling
 84774 | Pan      | Found an exit through the horrors of the Abyss.
 85029 | Pan      | Reached skill level 15 in Earth Magic
 85087 | Pan      | Found an exit through the horrors of the Abyss.
 85341 | Pan      | Noticed Bavim the pandemonium lord
 85352 | Pan      | Killed Bavim the pandemonium lord
 85456 | Pan      | Lost mutation: You are very dopey. (Int -4) [potion of
                  | mutation]
 85456 | Pan      | Lost mutation: Your flesh is heat resistant. (rF+) [potion
                  | of mutation]
 85456 | Pan      | Gained mutation: Your magical capacity is low. (-10% MP)
                  | [potion of mutation]
 85456 | Pan      | Gained mutation: You have great hidden genetic potential.
                  | [potion of mutation]
 85456 | Pan      | Gained mutation: You have very sharp teeth. [potion of
                  | mutation]
 85590 | Pan      | Lost mutation: Potions are less effective at restoring your
                  | health. [potion of mutation]
 85590 | Pan      | Lost mutation: One of your tentacles bears a spike. [potion
                  | of mutation]
 85590 | Pan      | Lost mutation: You have great hidden genetic potential.
                  | [potion of mutation]
 85590 | Pan      | Gained mutation: You have a pair of small antennae on your
                  | head. [potion of mutation]
 85656 | Pan      | Reached skill level 16 in Earth Magic
 86338 | Pan      | Gained mutation: You occasionally lose the ability to drink
                  | potions when taking damage. [a cacodemon]
 86441 | Pan      | Reached skill level 17 in Earth Magic
 86491 | Pan      | Noticed Yschudd the pandemonium lord
 86500 | Pan      | Killed Yschudd the pandemonium lord
 87429 | Pan      | Found an exit through the horrors of the Abyss.
 87467 | Pan      | You pick up a book of Maledictions and begin reading...
 87569 | Pan      | Gained mutation: You are vulnerable to cold. (rC-) [a
                  | cacodemon]
 87701 | Pan      | Noticed Daynyeb the pandemonium lord
 87712 | Pan      | Killed Daynyeb the pandemonium lord
 87713 | Pan      | Reached skill level 2 in Stealth
 87716 | Pan      | Reached skill level 3 in Stealth
 87725 | Pan      | Reached skill level 4 in Stealth
 87908 | Pan      | Reached skill level 5 in Stealth
 88025 | Pan      | Reached skill level 6 in Stealth
 88350 | Pan      | Reached skill level 7 in Stealth
 88592 | Pan      | Gained mutation: You occasionally lose the ability to read
                  | scrolls when taking damage. [a cacodemon]
 88817 | Pan      | Noticed Unuta the pandemonium lord
 88822 | Pan      | Reached skill level 8 in Stealth
 88825 | Pan      | Killed Unuta the pandemonium lord
 88835 | Pan      | Reached skill level 9 in Stealth
 89375 | Pan      | Reached skill level 10 in Stealth
 89460 | Pan      | Reached skill level 11 in Stealth
 89574 | Pan      | Found an exit through the horrors of the Abyss.
 89580 | Pan      | Noticed Yfytejemoph the pandemonium lord
 89590 | Pan      | Killed Yfytejemoph the pandemonium lord
 89591 | Pan      | Reached skill level 12 in Stealth
 89616 | Pan      | Gained mutation: You passively map a small area around you.
                  | [hidden potential]
 89616 | Pan      | Lost mutation: You have hidden genetic potential. [hidden
                  | potential expressed]
 89694 | Pan      | Reached skill level 13 in Stealth
 90332 | Pan      | Reached skill level 14 in Stealth
 90399 | Pan      | Entered the realm of Mnoleg.
 90485 | Pan      | Gained mutation: You are weak. (Str -2) [a neqoxec]
 90488 | Pan      | Paralysed by a floating eye for 4 turns
 90491 | Pan      | Gained mutation: You are vulnerable to heat. (rF-) [a
                  | neqoxec]
 90585 | Pan      | Gained mutation: You are very frail. (-20% HP) [a neqoxec]
 90697 | Pan      | Gained mutation: You sometimes lose your temper in combat.
                  | [a neqoxec]
 90727 | Pan      | Gained mutation: You have hidden genetic defects. [a
                  | neqoxec]
 90728 | Pan      | Gained mutation: You are very dopey. (Int -4) [a neqoxec]
 90743 | Pan      | Reached skill level 15 in Stealth
 90747 | Pan      | Lost mutation: You are vulnerable to heat. (rF-) [a
                  | neqoxec]
 90760 | Pan      | Noticed Mnoleg
 90769 | Pan      | Killed Mnoleg
 90805 | Pan      | Got a glowing rune of Zot
 90883 | Pan      | Lost mutation: You have hidden genetic defects. [potion of
                  | mutation]
 90883 | Pan      | Lost mutation: You are very dopey. (Int -4) [potion of
                  | mutation]
 90883 | Pan      | Lost mutation: You are weak. (Str -2) [potion of mutation]
 90883 | Pan      | Gained mutation: Your system is resistant to poisons.
                  | (rPois) [potion of mutation]
 90898 | Pan      | Reached skill level 16 in Stealth
 91008 | Pan      | Noticed Waihuot the pandemonium lord
 91009 | Pan      | Identified the +7 eveningstar "Quevige" {vorpal, rC++ Str+2
                  | Int-3 Stlth+}
 91009 | Pan      | Identified the ring "Aleopacw" {*Slow rElec rPois rF++
                  | Str+6}
 91017 | Pan      | Killed Waihuot the pandemonium lord
 91017 | Pan      | Gained mutation: You sometimes lose the ability to read
                  | scrolls when taking damage. [a neqoxec]
 91017 | Pan      | Gained mutation: You are weak. (Str -2) [a neqoxec]
 91018 | Pan      | Gained mutation: Your spells are a little easier to cast,
                  | but a little less powerful. [a neqoxec]
 91020 | Pan      | Gained mutation: You are clumsy. (Dex -2) [a neqoxec]
 91050 | Pan      | Reached skill level 17 in Stealth
 91295 | Pan      | Gained mutation: You occasionally shout uncontrollably at
                  | your foes. [a cacodemon]
 91369 | Pan      | Reached skill level 18 in Stealth
 91464 | Pan      | Gained mutation: You are extremely frail. (-30% HP) [a
                  | cacodemon]
 91542 | Pan      | Noticed Ratsaoq the pandemonium lord
 91547 | Pan      | Killed Ratsaoq the pandemonium lord
 91548 | Pan      | Reached skill level 19 in Stealth
 91791 | Pan      | Found an exit through the horrors of the Abyss.
 91998 | Pan      | Entered the realm of Lom Lobon.
 92020 | Pan      | Lost mutation: You have very sharp teeth. [potion of
                  | mutation]
 92020 | Pan      | Lost mutation: You are weak. (Str -2) [potion of mutation]
 92020 | Pan      | Lost mutation: You sometimes lose your temper in combat.
                  | [potion of mutation]
 92071 | Pan      | Identified the +8 shortbow of the Ancient Prophets {flame,
                  | rPois Dex+2}
 92142 | Pan      | Identified the +1 chain mail "Kyum" {rElec rPois Int+3}
 92380 | Pan      | Reached skill level 20 in Stealth
 92534 | Pan      | Noticed Lom Lobon
 92549 | Pan      | Killed Lom Lobon
 92579 | Pan      | Got a magical rune of Zot
 92613 | Pan      | Reached skill level 21 in Stealth
 92624 | Pan      | Entered the realm of Gloorx Vloq.
 92783 | Pan      | Noticed a curse skull
 92789 | Pan      | Killed a curse skull
 92791 | Pan      | Reached skill level 22 in Stealth
 92807 | Pan      | Noticed a curse skull
 92813 | Pan      | Killed a curse skull
 92814 | Pan      | Noticed Gloorx Vloq
 92824 | Pan      | Killed Gloorx Vloq
 92892 | Pan      | Reached skill level 23 in Stealth
 93929 | Pan      | Got a dark rune of Zot
 94097 | Pan      | Reached skill level 24 in Stealth
 94141 | Pan      | Found a huge runed translucent gate.
 94144 | Pan      | Found a huge runed translucent gate.
 94144 | Pan      | Found a huge runed translucent gate.
 94145 | Pan      | Found a huge runed translucent gate.
 94145 | Pan      | Found a huge runed translucent gate.
 94146 | Pan      | Found a huge runed translucent gate.
 94147 | Pan      | Found a huge runed translucent gate.
 94152 | Pan      | Noticed Secaod the pandemonium lord
 94179 | Pan      | Killed Secaod the pandemonium lord
 94204 | Pan      | Noticed Hain the pandemonium lord
 94215 | Pan      | Reached skill level 25 in Stealth
 94216 | Pan      | Killed Hain the pandemonium lord
 94568 | Pan      | Found an exit through the horrors of the Abyss.
 95032 | Pan      | Gained mutation: You sometimes lose your temper in combat.
                  | [a cacodemon]
 95073 | Pan      | Reached skill level 26 in Stealth
 95074 | Pan      | Noticed Uleal the pandemonium lord
 95087 | Pan      | Killed Uleal the pandemonium lord
 95222 | Pan      | Noticed Hoonemn the pandemonium lord
 95229 | Pan      | Killed Hoonemn the pandemonium lord
 95251 | Pan      | Identified the +6 hand axe of the Spheres {venom, Will+}
 95508 | Pan      | Found an exit through the horrors of the Abyss.
 96161 | Pan      | Noticed Uteguo the pandemonium lord
 96173 | Pan      | Killed Uteguo the pandemonium lord
 96471 | Pan      | Found a runed translucent door.
 96538 | Pan      | Noticed Unakkel the pandemonium lord
 96549 | Pan      | Killed Unakkel the pandemonium lord
 96589 | Pan      | Found an exit through the horrors of the Abyss.
 96727 | Pan      | Noticed Uvamiuc the pandemonium lord
 96731 | Pan      | Killed Uvamiuc the pandemonium lord
 96777 | Pan      | Reached skill level 25 in Fighting
 96827 | Pan      | Identified the +0 helmet of Gluttony {Drain Fly rF+
                  | Will+++}
 96829 | Pan      | Noticed Ostumus the pandemonium lord
 96837 | Pan      | Killed Ostumus the pandemonium lord
 97021 | Pan      | Found an exit through the horrors of the Abyss.
 97646 | Pan      | Reached skill level 25 in Spellcasting
 97836 | Pan      | Noticed Fotreday the pandemonium lord
 97844 | Pan      | Killed Fotreday the pandemonium lord
 98507 | Pan      | Noticed Nibeaggeyt the pandemonium lord
 98518 | Pan      | Killed Nibeaggeyt the pandemonium lord
 99364 | Pan      | Reached skill level 22 in Dodging
 99616 | Pan      | Identified the +0 scale mail of a volcano {rN+ Int+2}
 99642 | Pan      | Noticed Hicweo Iface the pandemonium lord
 99647 | Pan      | Killed Hicweo Iface the pandemonium lord
 99698 | Pan      | Got a demonic rune of Zot
 99730 | Pan      | Found an exit through the horrors of the Abyss.
 99778 | Pan      | Found a runed translucent door.
 99788 | Pan      | Found a runed translucent door.
 99792 | Pan      | Found a runed translucent door.
 99795 | Pan      | Found a runed translucent door.
 99802 | Pan      | Noticed Vytomnoniu the pandemonium lord
 99812 | Pan      | Reached skill level 23 in Dodging
 99827 | Pan      | Gained mutation: Your spells are easier to cast, but less
                  | powerful. [a cacodemon]
100425 | Pan      | Killed Vytomnoniu the pandemonium lord
100535 | Pan      | Took an exit into the Abyss.
100535 | Abyss:3  | You pass through the gate.
100535 | Abyss:3  | Escaped into the Abyss
100593 | Depths:2 | You pass through the gate.
100593 | Depths:2 | Escaped the Abyss
100596 | Depths:2 | Lost mutation: You are dopey. (Int -2) [potion of mutation]
100596 | Depths:2 | Lost mutation: You sometimes lose the ability to read
                  | scrolls when taking damage. [potion of mutation]
100596 | Depths:2 | Lost mutation: You passively map a small area around you.
                  | [potion of mutation]
100596 | Depths:2 | Lost mutation: You occasionally lose the ability to drink
                  | potions when taking damage. [potion of mutation]
100597 | Depths:2 | Lost mutation: You are clumsy. (Dex -2) [potion of
                  | mutation]
100597 | Depths:2 | Lost mutation: You are extremely frail. (-30% HP) [potion
                  | of mutation]
100597 | Depths:2 | Lost mutation: You sometimes lose your temper in combat.
                  | [potion of mutation]
100598 | Depths:2 | Lost mutation: Your magical capacity is low. (-10% MP)
                  | [potion of mutation]
100598 | Depths:2 | Lost mutation: Your body often deteriorates upon taking
                  | damage. [potion of mutation]
100598 | Depths:2 | Lost mutation: You are very frail. (-20% HP) [potion of
                  | mutation]
100598 | Depths:2 | Lost mutation: You are partially covered in iridescent
                  | scales. (AC +2) [potion of mutation]
100598 | Depths:2 | Gained mutation: You are agile. (Dex +4, Str/Int -1)
                  | [potion of mutation]
100599 | Depths:2 | Lost mutation: You occasionally shout uncontrollably at
                  | your foes. [potion of mutation]
100599 | Depths:2 | Lost mutation: You are frail. (-10% HP) [potion of
                  | mutation]
100599 | Depths:2 | Lost mutation: You are agile. (Dex +4, Str/Int -1) [potion
                  | of mutation]
100599 | Depths:2 | Gained mutation: You are partially covered in large bone
                  | plates. (SH +4) [potion of mutation]
100600 | Depths:2 | Lost mutation: You occasionally lose the ability to read
                  | scrolls when taking damage. [potion of mutation]
100600 | Depths:2 | Lost mutation: You are partially covered in large bone
                  | plates. (SH +4) [potion of mutation]
100600 | Depths:2 | Gained mutation: Your body often deteriorates upon taking
                  | damage. [potion of mutation]
100600 | Depths:2 | Gained mutation: You are resistant to electric shocks.
                  | (rElec) [potion of mutation]
100601 | Depths:2 | Lost mutation: Your system is resistant to poisons. (rPois)
                  | [potion of mutation]
100601 | Depths:2 | Lost mutation: Your body often deteriorates upon taking
                  | damage. [potion of mutation]
100601 | Depths:2 | Gained mutation: You occasionally shout uncontrollably at
                  | your foes. [potion of mutation]
100601 | Depths:2 | Lost mutation: Your body sometimes deteriorates upon taking
                  | damage. [potion of mutation]
100601 | Depths:2 | Gained mutation: You have a pair of antennae on your head.
                  | [potion of mutation]
100602 | Depths:2 | Lost mutation: You occasionally shout uncontrollably at
                  | your foes. [potion of mutation]
100602 | Depths:2 | Lost mutation: You are vulnerable to cold. (rC-) [potion of
                  | mutation]
100602 | Depths:2 | Gained mutation: You do not regenerate when monsters are
                  | visible. [potion of mutation]
100602 | Depths:2 | Gained mutation: You are partially covered in iridescent
                  | scales. (AC +2) [potion of mutation]
100602 | Depths:2 | Gained mutation: Your system is resistant to poisons.
                  | (rPois) [potion of mutation]
100954 | Snake:1  | Bought a potion of mutation for 128 gold pieces
100954 | Snake:1  | Lost mutation: You are partially covered in iridescent
                  | scales. (AC +2) [potion of mutation]
100954 | Snake:1  | Lost mutation: You have a pair of antennae on your head.
                  | [potion of mutation]
100954 | Snake:1  | Lost mutation: You have a pair of small antennae on your
                  | head. [potion of mutation]
100954 | Snake:1  | Gained mutation: You are somewhat resistant to further
                  | mutation. [potion of mutation]
100954 | Snake:1  | Gained mutation: You passively dampen the noise of your
                  | surroundings. [potion of mutation]
100954 | Snake:1  | Gained mutation: You have an increased reservoir of magic.
                  | (+10% MP) [potion of mutation]
100995 | Snake:1  | Bought a potion of mutation for 144 gold pieces
100995 | Snake:1  | Lost mutation: Your spells are easier to cast, but less
                  | powerful. [potion of mutation]
100995 | Snake:1  | Lost mutation: You are resistant to electric shocks.
                  | (rElec) [potion of mutation]
100995 | Snake:1  | Gained mutation: You expend magic power (3 MP) to
                  | strengthen your wands. [potion of mutation]
100996 | Snake:1  | Bought a potion of haste for 180 gold pieces
100996 | Snake:1  | Bought a potion of brilliance for 72 gold pieces
100996 | Snake:1  | Bought 2 potions of might for 144 gold pieces
101036 | Snake:1  | Bought a potion of curing for 48 gold pieces
101036 | Snake:1  | Bought a potion of brilliance for 64 gold pieces
101036 | Snake:1  | Bought a potion of brilliance for 64 gold pieces
101036 | Snake:1  | Bought a potion of heal wounds for 80 gold pieces
101338 | Crypt:1  | Entered Level 1 of the Crypt
101457 | Crypt:1  | Found a magical portal.
101464 | WizLab   | Entered The Roulette of Golubria
101464 | WizLab   | Found a transporter.
101470 | WizLab   | Found a corrupted altar of Lugonu.
101543 | WizLab   | Found a transporter.
101544 | WizLab   | Found a corrupted altar of Lugonu.
101674 | WizLab   | Found a transporter.
101713 | WizLab   | Found a transporter.
101718 | WizLab   | Identified the Encyclopedia of Dislocation
101767 | WizLab   | Found a transporter.
101871 | WizLab   | Found a transporter.
101871 | WizLab   | Found a transporter.
101926 | WizLab   | Found a transporter.
101958 | WizLab   | Found a transporter.
102065 | WizLab   | Found a transporter.
102069 | WizLab   | Reached skill level 24 in Dodging
102069 | WizLab   | Found a transporter.
102110 | WizLab   | Found a transporter.
102131 | WizLab   | Found a transporter.
102146 | WizLab   | Found a transporter.
102146 | WizLab   | Found a transporter.
102159 | WizLab   | Reached skill level 18 in Earth Magic
102179 | WizLab   | Found a transporter.
102179 | WizLab   | Found a transporter.
103091 | Crypt:2  | Noticed Khufu
103099 | Crypt:2  | Killed Khufu
103239 | Crypt:3  | Entered Level 3 of the Crypt
103387 | Crypt:3  | Reached skill level 19 in Earth Magic
103496 | Crypt:3  | Paralysed by a vampire knight for 2 turns
103537 | Crypt:3  | Found an ancient bone altar of Kikubaaqudgha.
103637 | Crypt:3  | Identified the +4 plate armour of Abstinence {+Inv rC-
                  | Str+4}
103723 | Crypt:3  | Reached skill level 20 in Earth Magic
103847 | Crypt:3  | Noticed Jory
103847 | Crypt:3  | Paralysed by a vampire knight for 4 turns
103854 | Crypt:3  | Identified the +4 sling of the Ghost {flame, Will+ MP+9}
103854 | Crypt:3  | Identified the +4 morningstar "Grim" {vamp, rF+}
103861 | Crypt:3  | Killed Jory
103862 | Crypt:3  | Identified the Secrets of Turbulent Glaciation
103867 | Crypt:3  | Identified the +0 plate armour of Resilience {rF++ Str+4
                  | SInv}
104391 | Crypt:3  | Found a staircase to the Tomb.
104492 | Crypt:3  | Paralysed by a vampire knight for 5 turns
104499 | Crypt:3  | Paralysed by a vampire knight for 5 turns
104760 | Tomb:1   | Entered Level 1 of the Tomb of the Ancients
104979 | Tomb:1   | Reached skill level 21 in Earth Magic
105374 | Tomb:1   | Noticed a royal mummy
105387 | Tomb:1   | Killed a royal mummy
105934 | Tomb:1   | Noticed a royal mummy
105952 | Tomb:1   | Killed a royal mummy
105953 | Tomb:1   | Reached skill level 22 in Earth Magic
105984 | Tomb:1   | Noticed a royal mummy
105994 | Tomb:1   | Killed a royal mummy
106001 | Tomb:1   | Noticed a royal mummy
106004 | Tomb:1   | Noticed a royal mummy
106016 | Tomb:1   | Killed a royal mummy
106018 | Tomb:1   | Noticed a royal mummy
106023 | Tomb:1   | Killed a royal mummy
106026 | Tomb:1   | Killed a royal mummy
106030 | Tomb:1   | Noticed a royal mummy
106036 | Tomb:1   | Killed a royal mummy
106036 | Tomb:1   | HP: 53/224 [torment (15)]
106432 | Tomb:1   | Noticed a royal mummy
106434 | Tomb:1   | Noticed a royal mummy
106446 | Tomb:1   | Killed a royal mummy
106447 | Tomb:1   | Killed a royal mummy
106688 | Tomb:1   | Noticed a royal mummy
106693 | Tomb:1   | Killed a royal mummy
106716 | Tomb:1   | Noticed a royal mummy
106719 | Tomb:1   | Noticed a royal mummy
106725 | Tomb:1   | Killed a royal mummy
106727 | Tomb:1   | Killed a royal mummy
106994 | Tomb:2   | Reached skill level 23 in Earth Magic
106997 | Tomb:2   | Noticed a royal mummy
106998 | Tomb:2   | Noticed a royal mummy
107000 | Tomb:2   | Killed a royal mummy
107000 | Tomb:2   | Killed a royal mummy
107019 | Tomb:2   | Noticed a royal mummy
107022 | Tomb:2   | Noticed a royal mummy
107079 | Tomb:2   | Killed a royal mummy
107163 | Tomb:2   | Killed a royal mummy
107208 | Tomb:2   | HP: 56/224 [twister/vortex[a Zot trap] (6)]
107605 | Tomb:2   | Identified a +0 crystal plate armour
107728 | Tomb:2   | Reached skill level 24 in Earth Magic
107930 | Tomb:3   | Entered Level 3 of the Tomb of the Ancients
107943 | Tomb:3   | Noticed a royal mummy
107943 | Tomb:3   | Noticed a royal mummy
107945 | Tomb:3   | Identified the +6 chain mail of Vemin {Str+4}
107945 | Tomb:3   | Identified the +0 plate armour of Inviolability {rF+ Str+2
                  | SInv}
107945 | Tomb:3   | Identified Picun's Guide on Evolution
107956 | Tomb:3   | Noticed a royal mummy
107959 | Tomb:3   | Killed a royal mummy
107960 | Tomb:3   | Killed a royal mummy
107964 | Tomb:3   | Noticed a royal mummy
107970 | Tomb:3   | Reached skill level 25 in Earth Magic
107974 | Tomb:3   | Killed a royal mummy
107985 | Tomb:3   | Killed a royal mummy
107986 | Tomb:3   | Noticed a royal mummy
107992 | Tomb:3   | HP: 45/224 [??? (17)]
107994 | Tomb:3   | Identified the +5 rapier of Excruciating Pain {antimagic,
                  | rN+ Int+2 Stlth+}
108000 | Tomb:3   | Noticed a royal mummy
108006 | Tomb:3   | HP: 37/224 [??? (12)]
108007 | Tomb:3   | Killed a royal mummy
108028 | Tomb:3   | HP: 42/224 [skeletal warrior/+0 hand axe (6)]
108165 | Tomb:3   | Killed a royal mummy
108165 | Tomb:3   | HP: 71/291 [torment (7)]
108209 | Tomb:3   | Noticed a royal mummy
108225 | Tomb:3   | Noticed a royal mummy
108252 | Tomb:3   | HP: 56/224 [??? (14)]
108253 | Tomb:3   | Killed a royal mummy
108257 | Tomb:3   | HP: 50/224 [torment (12)]
108260 | Tomb:3   | Killed a royal mummy
108263 | Tomb:3   | HP: 40/224 [??? (8)]
108281 | Tomb:3   | HP: 54/224 [torment (19)]
108834 | Tomb:3   | Identified the +11 great sword of Radicalism {vorpal, rPois
                  | rCorr}
108834 | Tomb:3   | Identified the +10 morningstar of the Demagogue {speed,
                  | rElec Str+4}
108835 | Tomb:3   | Identified the +9 scale mail of the Maze {rElec rF- Dex+3}
108835 | Tomb:3   | Identified the +7 morningstar of Kefen {vorpal, rF+ rC+ rN+
                  | Str-5}
108836 | Tomb:3   | Identified the +7 chain mail of the Devil's Team {Will+
                  | Str+2}
108836 | Tomb:3   | Identified the +6 hand axe of Desperation {vorpal, Fragile
                  | rPois Int-4 Dex+8}
108836 | Tomb:3   | Identified the +0 helmet of Inaction {Dex+4}
108839 | Tomb:3   | Identified the +1 helmet of Wuduss {*Corrode rC+ Will+
                  | SInv}
108839 | Tomb:3   | Identified the +2 great sword of Ascent {chaos, rF+}
108852 | Tomb:3   | Identified the amulet of Qeni Uco {Faith Dex+3 Stlth+}
109078 | Tomb:3   | Noticed a royal mummy
109085 | Tomb:3   | Killed a royal mummy
109088 | Tomb:3   | Got a golden rune of Zot
109714 | Zot:1    | Entered Level 1 of the Realm of Zot
109720 | Zot:1    | Reached skill level 1 in Conjurations
109727 | Zot:1    | Reached skill level 2 in Conjurations
109733 | Zot:1    | Reached skill level 3 in Conjurations
109875 | Zot:1    | Reached skill level 4 in Conjurations
109934 | Zot:1    | Noticed an electric golem
109939 | Zot:1    | Killed an electric golem
110069 | Zot:1    | Noticed a curse toe
110079 | Zot:1    | Killed a curse toe
110080 | Zot:1    | Reached skill level 5 in Conjurations
110235 | Zot:1    | Found a transporter.
110238 | Zot:1    | Identified the amulet of Muqafil {rF+ Regen+ rCorr Str+3}
110238 | Zot:1    | Identified the ring "Neiduod" {rElec Will+ Str+6}
110349 | Zot:1    | Found a transporter.
110530 | Zot:1    | Gained mutation: You are dopey. (Int -2) [a cacodemon]
110539 | Zot:1    | Reached skill level 6 in Conjurations
110545 | Zot:1    | Reached skill level 7 in Conjurations
110564 | Zot:1    | Reached skill level 8 in Conjurations
110610 | Zot:1    | You pick up a book of Flames and begin reading...
110854 | Zot:2    | Reached skill level 9 in Conjurations
110906 | Zot:2    | Identified the ring "Osopanomn" {Ice Str+2 SInv}
110906 | Zot:2    | Noticed Josephina
110913 | Zot:2    | Killed Josephina
111113 | Zot:2    | Reached skill level 10 in Conjurations
111694 | Zot:3    | Noticed an orb of fire
111709 | Zot:3    | Killed an orb of fire
111710 | Zot:3    | Reached skill level 11 in Conjurations
111864 | Zot:3    | Reached skill level 12 in Conjurations
112088 | Zot:3    | Found the +4 dragonskin cloak
112088 | Zot:3    | Noticed Tiamat
112088 | Zot:3    | Tiamat is wielding a +0 bardiche of venom and wearing the
                  | +4 dragonskin cloak.
112090 | Zot:3    | Here: Tiamat, wielding a +0 bardiche of venom and wearing
                  | the +4 dragonskin cloak
112090 | Zot:3    | Here: Tiamat, wielding a +0 bardiche of venom and wearing
                  | the +4 dragonskin cloak
112090 | Zot:3    | Here: Tiamat, wielding a +0 bardiche of venom and wearing
                  | the +4 dragonskin cloak
112090 | Zot:3    | Here: Tiamat, wielding a +0 bardiche of venom and wearing
                  | the +4 dragonskin cloak
112111 | Zot:3    | Killed Tiamat
112112 | Zot:3    | Reached skill level 13 in Conjurations
112285 | Zot:3    | Noticed an electric golem
112292 | Zot:3    | Killed an electric golem
112320 | Zot:3    | Found an ancient bone altar of Kikubaaqudgha.
112460 | Zot:3    | Reached skill level 14 in Conjurations
112556 | Zot:3    | Paralysed by a floating eye for 2 turns
112562 | Zot:3    | Noticed a dread lich
112564 | Zot:3    | Noticed a dread lich
112564 | Zot:3    | Noticed a dread lich
112569 | Zot:3    | Killed a dread lich
112573 | Zot:3    | Noticed a dread lich
112579 | Zot:3    | Killed a dread lich
112586 | Zot:3    | Reached skill level 15 in Conjurations
112587 | Zot:3    | Killed a dread lich
112590 | Zot:3    | Noticed a dread lich
112592 | Zot:3    | Killed a dread lich
112598 | Zot:3    | Killed a dread lich
112605 | Zot:3    | Found the macabre finger necklace {rN+}
112606 | Zot:3    | Identified the +3 scimitar of Niuhi {freeze, rN+ Str+4}
112825 | Zot:4    | Reached skill level 16 in Conjurations
112875 | Zot:4    | Noticed an orb of fire
112882 | Zot:4    | Killed an orb of fire
112958 | Zot:4    | Noticed a curse toe
112969 | Zot:4    | Killed a curse toe
112984 | Zot:4    | Reached skill level 17 in Conjurations
113003 | Zot:4    | Noticed a curse toe
113013 | Zot:4    | Killed a curse toe
113224 | Zot:4    | Identified the +9 plate armour of the Eternal Fruit {rPois
                  | rF- Str+6 Dex+4}
113552 | Zot:5    | Entered Level 5 of the Realm of Zot
113625 | Zot:5    | Reached skill level 18 in Conjurations
113928 | Zot:5    | Noticed an electric golem
113931 | Zot:5    | Noticed a dread lich
113935 | Zot:5    | Paralysed by a dread lich for 4 turns
113941 | Zot:5    | Reached skill level 19 in Conjurations
113942 | Zot:5    | Killed a dread lich
113955 | Zot:5    | Noticed an orb of fire
113962 | Zot:5    | Killed an orb of fire
114040 | Zot:5    | Reached skill level 20 in Conjurations
114094 | Zot:5    | Noticed an electric golem
114099 | Zot:5    | Noticed an orb of fire
114107 | Zot:5    | Killed an orb of fire
114108 | Zot:5    | Noticed a dread lich
114109 | Zot:5    | Killed an electric golem
114109 | Zot:5    | Noticed an orb of fire
114116 | Zot:5    | Killed an orb of fire
114119 | Zot:5    | Killed a dread lich
114120 | Zot:5    | Reached skill level 21 in Conjurations
114309 | Zot:5    | Got the Orb of Zot
114585 | D:15     | Gained mutation: Your spells are easier to cast, but less
                  | powerful. [a cacodemon]
114587 | D:15     | Lost mutation: You are somewhat resistant to further
                  | mutation. [a cacodemon]
114761 | D:9      | Noticed Hoesh the pandemonium lord
114927 | D:1      | Noticed Fuusubb the pandemonium lord
114936 | D:1      | Killed Fuusubb the pandemonium lord
114953 | D:$      | Escaped with the Orb!

Vanquished Creatures
  Cerebov (Pan)
  Antaeus (Coc:7)
  Asmodeus (Geh:7)
  Gloorx Vloq (Pan)
  Ereshkigal (Tar:7)
  the Royal Jelly (Slime:5)
  Mnoleg (Pan)
  Lom Lobon (Pan)
  the Serpent of Hell (Geh:7)
  Dispater (Dis:7)
  Tiamat (Zot:3)
  13 dread liches
  Khufu (Crypt:2)
  3 ancient liches
  5 orbs of fire
  Mennas (Pan)
  Mara (Swamp:3)
  The ghost of Qeilemp the Conqueror, a legendary HOFi of Beogh (Zig:14)
  10 juggernauts
  The ghost of MrSquiggles the Invulnerable, a legendary MiFi of the Shining One (Zig:14)
  The ghost of blackman the Acrobat, a veteran DgGl (Zig:14)
  Josephina (Zot:2)
  23 pandemonium lords
  8 shard shrikes
  25 royal mummies
  9 Killer Klowns
  Vashnia (Snake:2)
  the Lernaean hydra (Swamp:4)
  41 caustic shrikes
  9 golden dragons
  Geryon (Hell)
  3 curse toes
  The ghost of Bilir the Englaciator, an adept DECj of Hepliaklqana (Depths:3)
  24 bone dragons
  Jory (Crypt:3)
  12 doom hounds
  16 profane servitors
  32 Tzitzimimeh
  15 iron giants
  2 spectral shard shrikes (Tar:6)
  2 shard shrike zombies
  3 electric golems
  6 hellephants
  15 Brimstone Fiends
  22 Hell Sentinels
  22 tentacled monstrosities
  30 tainted leviathans
  Zenata (Elf:2)
  A walking crystal tome (Depths:4)
  26 Orb Guardians
  22 Ice Fiends
  7 quicksilver dragons
  7 liches
  3 deep elf blademasters
  20 searing wretches
  23 acid blobs
  26 titans
  2 walking frostbound tomes (Depths:2)
  An eldritch tentacle (WizLab)
  8 death cobs
  32 ancient champions
  22 sphinxes
  A thorn hunter (Abyss:3)
  8 tentacled starspawn
  Frances (Swamp:1)
  31 Executioners
  Gastronok (Lair:3)
  10 tengu reavers
  17 storm dragons
  18 shadow dragons
  Kirke (Swamp:4)
  22 fire giants
  19 azure jellies
  7 revenants
  6 draconian monks
  A daeva (Abyss:3)
  28 narguns
  7 nagarajas
  13 rockslimes
  6 draconian knights
  5 ghost moths
  38 cacodemons
  10 iron dragons
  21 demonspawn warmongers
  13 draconian scorchers
  2 angels
  Louise (Elf:3)
  Aizul (Depths:2)
  11 deep elf sorcerers
  A juggernaut zombie (Tomb:3)
  25 vault wardens
  20 frost giants
  51 balrugs
  4 draconian shifters
  8 quicksilver elementals
  3 draconian stormcallers
  4 curse skulls
  2 orc warlords
  6 deep elf elementalists (Elf:3)
  5 ghouls
  7 shard shrike simulacra
  36 very ugly things
  18 ironbound preservers
  3 spectral caustic shrikes
  2 imperial myrmidons (Desolation)
  19 demonspawn corrupters (Pan)
  38 war gargoyles
  9 quicksilver oozes
  12 demonspawn blood saints (Pan)
  11 draconian annihilators
  19 stone giants
  9 deep elf demonologists
  30 reapers
  7 ironbound thunderhulks
  A stone giant (shapeshifter) (Zig:8)
  16 purple draconians
  16 demonspawn black suns
  13 green draconians
  18 vampire knights
  A dire elephant (shapeshifter) (Zig:7)
  26 lorocyprocas
  16 wendigos
  2 dire elephants
  29 elemental wellsprings
  8 bennus
  A bunyip (shapeshifter) (Depths:4)
  46 putrid mouths
  5 bunyips
  3 eleionomae
  11 red draconians
  19 white draconians
  2 spectral titans (Tar:1)
  10 black draconians
  3 halazid warlocks (Desolation)
  14 yellow draconians
  10 deep elf annihilators
  20 iron golems
  2 spark wasps (Depths:2)
  9 deep elf death magi
  2 merfolk javelineers (Zig:15)
  8 eidola
  6 ettins
  2 crystal guardians
  17 mummy priests
  26 green deaths
  6 fire dragons
  Snorg (Lair:3)
  31 blizzard demons (Pan)
  An entropy weaver (shapeshifter) (D:15)
  18 yaktaur captains
  2 spectral spriggans
  A spectral iron giant (Tar:4)
  2 spectral krakens (Tar:7)
  4 rakshasas
  6 ragged hierophants (Desolation)
  3 spriggan zombies
  A quicksilver dragon skeleton (Pan)
  5 jiangshi
  7 entropy weavers
  2 merfolk impalers (Zig:15)
  12 deep elf high priests
  14 great orbs of eyes
  4 caustic shrike simulacra
  9 ice dragons
  17 hell beasts
  2 ogre magi
  2 juggernaut simulacra (Coc:3)
  38 vault guards
  10 peacekeepers
  27 hydras
  A catoblepas (Lair:5)
  15 salamander tyrants
  8 servants of whispers (Desolation)
  5 spriggan air magi
  3 ghost crabs (Zig:14)
  Erica (D:10)
  2 anacondas (shapeshifter)
  2 spriggan skeletons (Pan)
  15 centaur warriors
  8 ironbound frosthearts
  5 stokers
  A spectral draconian (Tar:1)
  21 anacondas
  7 death yaks
  3 merfolk aquamancers (Zig:15)
  71 death scarabs
  26 dancing weapons
  2 death knights
  11 alligators
  47 hell hogs
  4 two-headed ogres
  11 deep troll earth magi
  A two-headed ogre (shapeshifter) (Vaults:5)
  7 deep troll shamans
  4 tengu warriors
  12 naga warriors
  An orc high priest (Orc:2)
  12 shock serpents
  A spectral dire elephant (Tar:1)
  4 boulder beetles
  7 thrashing horrors
  9 vampire magi
  90 sun demons
  3 spriggan berserkers
  10 hell knights
  5 spriggans
  Urug (D:10)
  15 naga sharpshooters
  68 soul eaters
  10 salamander mystics
  50 sixfirhies
  2 spectral death yaks (Lair:5)
  8 wretched stars (Abyss:3)
  2 golden dragon zombies
  10 iron trolls
  15 crystal echidnas
  10 shadow wraiths
  2 titan skeletons
  16 deep elf knights
  9 goliath frogs
  A steelbarb worm (Zig:10)
  Lodul (D:13)
  2 spatial maelstroms (Abyss:3)
  A death drake (Zig:5)
  2 orb spiders (Zig:10)
  The ghost of SprigganGuy the Skirmisher, a novice SpHu of the Shining One (D:8)
  36 skeletal warriors
  3 flayed ghosts
  6 quicksilver dragon simulacra
  4 sea snakes (Zig:15)
  2 spriggan druids
  3 spectral anacondas
  A storm dragon skeleton (Pan)
  A sea snake (shapeshifter) (Depths:2)
  5 glowing orange brains
  62 deep trolls
  An orange crystal statue (Zot:5)
  14 lindwurms
  12 swamp dragons
  A bunyip skeleton (Pan)
  16 wizards
  4 naga ritualists
  17 orc knights
  8 bog bodies
  23 ironbound convokers
  A spriggan simulacrum (Coc:1)
  22 shadow demons
  An obsidian statue (WizLab)
  24 phantasmal warriors
  A fire giant zombie (D:15)
  A mana viper (shapeshifter) (Zig:7)
  A tengu zombie (D:15)
  9 deep elf archers
  Pikel (D:6)
  2 spectral iron dragons
  11 necromancers
  27 deep elf zephyrmancers
  6 harpies (Zig:15)
  8 mana vipers
  11 shining eyes
  A spectral ettin (Tar:6)
  60 ugly things
  2 fauns (Zig:15)
  19 salamanders
  14 elephants
  21 deep elf pyromancers
  5 orc sorcerers
  A wolf spider (Zig:10)
  2 fauns (shapeshifter)
  A draconian zombie (Tomb:2)
  3 tengu skeletons
  2 manticores
  3 will-o-the-wisps
  5 cyclopes
  5 worldbinders
  2 iron dragon skeletons
  28 moths of wrath
  3 spectral centaurs (Tar:1)
  4 ice statues (Coc:7)
  A manticore (shapeshifter) (Vaults:5)
  A centaur zombie (Abyss:3)
  4 water nymphs (Zig:15)
  2 dire elephant zombies
  6 guardian serpents
  2 human skeletons
  12 rust devils
  4 merfolk sirens (Zig:15)
  An orc zombie (Crypt:1)
  87 smoke demons
  8 titan simulacra
  2 toenail golems
  2 apocalypse crabs (Abyss:3)
  13 naga magi
  34 black mambas
  3 stone giant skeletons
  8 cane toads
  10 molten gargoyles
  A guardian serpent (shapeshifter) (Zig:8)
  2 centaur skeletons
  3 torpor snails
  4 eyes of devastation
  34 vault sentinels
  2 yaktaur zombies
  57 orange demons
  An eye of devastation (shapeshifter) (Vaults:4)
  12 spectral swamp worms (Tar:7)
  A cane toad (shapeshifter) (Vaults:5)
  A storm dragon simulacrum (Zot:2)
  3 unseen horrors
  An unseen horror (shapeshifter) (Vaults:5)
  Maggie (D:8)
  2 dire elephant skeletons
  2 kobold demonologists
  53 hellions
  12 efreet
  3 naga skeletons (Pan)
  19 komodo dragons
  44 demonic crawlers
  2 human zombies (Vaults:3)
  A purple draconian zombie (Crypt:3)
  19 hellwings (Pan)
  42 tormentors
  55 guardian mummies
  7 rime drakes
  A bunyip simulacrum (Coc:1)
  4 spectral nagas
  A tengu conjurer (D:15)
  6 anaconda simulacra
  10 freezing wraiths
  An iron giant simulacrum (Coc:7)
  57 yaktaurs
  4 ancient zymes
  13 ice devils
  A burning bush (Lair:5)
  12 red devils
  4 spectral harpies
  2 harpy zombies
  A hydra zombie (Tomb:3)
  A death drake zombie (Crypt:2)
  2 polar bears
  An alligator snapping turtle skeleton (Pan)
  10 trolls
  A bloated husk (Swamp:4)
  11 merfolk (Zig:15)
  8 tyrant leeches
  2 shadow dragon simulacra
  2 tarantellas (Zig:10)
  A wind drake (Zig:5)
  7 hornets
  23 dream sheep
  6 raiju (Abyss:3)
  A wind drake (shapeshifter) (Vaults:2)
  2 harpy skeletons
  A raiju (shapeshifter) (Elf:3)
  45 saltlings (Desolation)
  2 stone giant simulacra
  20 blink frogs
  71 slime creatures
  A spectral elephant (Lair:5)
  A meliai zombie (Crypt:1)
  57 large abominations
  3 ettin zombies
  An iron dragon simulacrum (Coc:7)
  6 air elementals
  A jumping spider (shapeshifter) (Abyss:3)
  An ettin skeleton (Pan)
  8 centaur simulacra
  18 flying skulls
  64 ynoxinuls
  3 dire elephant simulacra
  Sigmund (D:4)
  2 fire elementals (Elf:1)
  3 wyverns
  23 water elementals
  A shadow (Abyss:3)
  Eustachio (D:5)
  17 wraiths
  A hog (Swamp:4)
  An elf simulacrum (Vaults:4)
  An ice dragon skeleton (Crypt:1)
  3 golden eyes
  44 yaks
  6 basilisks
  8 ushabtiu
  A wind drake zombie (Crypt:2)
  43 neqoxecs (Pan)
  11 redbacks
  6 steam dragons
  76 chaos spawn
  11 vampire mosquitoes
  6 spatial vortices
  A death yak simulacrum (Lair:5)
  15 swamp worms
  A warg (shapeshifter) (Vaults:4)
  2 glowing shapeshifter zombies (Vaults:3)
  A two-headed ogre zombie (Crypt:3)
  10 wargs
  A hydra simulacrum (Crypt:1)
  35 nagas
  A swamp worm (shapeshifter) (Vaults:5)
  6 harpy simulacra
  A spectral cane toad (Lair:5)
  6 hell hounds (Hell)
  2 acid dragons (D:12)
  16 water moccasins
  4 floating eyes
  An ogre zombie (Vaults:3)
  A two-headed ogre skeleton (Crypt:3)
  58 orc warriors
  A moth of wrath simulacrum (Zot:2)
  A meliai simulacrum (D:12)
  3 floating eyes (shapeshifter)
  9 swamp drakes
  An ice beast (shapeshifter) (Vaults:5)
  2 ice beasts
  A merfolk simulacrum (Coc:1)
  A sky beast (D:7)
  4 black bears
  2 elephant zombies (Lair:5)
  2 boggarts (WizLab)
  A black mamba simulacrum (Hell)
  5 ettin simulacra
  18 ogres
  18 wolves
  An elephant skeleton (Lair:5)
  A swamp dragon skeleton (Pan)
  17 centaurs
  2 lemures (D:6)
  2 phantoms (D:5)
  2 kobold brigands
  4 gnoll sergeants
  2 necrophages (Crypt:3)
  A cyclops zombie (Crypt:1)
  4 naga simulacra
  7 bullfrogs
  An earth elemental (Zig:9)
  A hornet simulacrum (D:14)
  4 wights (D:10)
  An elephant simulacrum (Lair:5)
  22 killer bees
  A yak zombie (Crypt:3)
  A yak skeleton (Crypt:1)
  9 howler monkeys
  10 electric eels
  3 crimson imps
  3 jellies
  29 starcursed masses
  3 hounds
  23 orc priests
  A gnoll bouda (Orc:2)
  12 iguanas
  An iron imp (Abyss:3)
  18 orc wizards
  A polar bear simulacrum (Lair:2)
  4 yak simulacra (Lair:2)
  A wolf simulacrum (Lair:2)
  5 small abominations
  A deep dwarf zombie (Crypt:1)
  A hound skeleton (Crypt:3)
  66 mummies
  A howler monkey zombie (Crypt:1)
  Robin (D:4)
  27 gnolls
  4 adders
  A shadow imp (D:5)
  5 white imps
  7 ufetubi
  A worm zombie (Crypt:3)
  A worm (D:3)
  2 dart slugs
  123 orcs
  7 ball pythons
  3 bats
  4 endoplasms
  2 giant cockroaches (D:2)
  13 goblins
  12 hobgoblins
  3 jackals (D:4)
  4 quokkas
  21 frilled lizards
  A gnoll skeleton (Crypt:1)
  A hobgoblin skeleton (Crypt:3)
  18 kobolds
  4 rats
  A rat skeleton (Crypt:1)
  5 river rat simulacra (Lair:2)
  2 ball lightnings (Pan)
  22 fire vortices
  2 lurking horrors
  6 starspawn tentacles
  3 tentacles (Tar:7)
5147 creatures vanquished.

Vanquished Creatures (collateral kills)
  A pandemonium lord (Zig:8)
  A shard shrike (Coc:7)
  A searing wretch (Zig:13)
  A walking earthen tome (Depths:2)
  An Executioner (Pan)
  A sphinx (Depths:2)
  An acid blob (Zig:12)
  A tengu reaver (Depths:2)
  An azure jelly (Zig:12)
  A balrug (Hell)
  4 narguns (Coc:7)
  A frost giant (Coc:7)
  A broodmother (Zig:10)
  A reaper (Hell)
  An elemental wellspring (Coc:7)
  A wendigo (Coc:7)
  An eidolon (Zig:14)
  A blizzard demon (Hell)
  A juggernaut simulacrum (Coc:5)
  A caustic shrike simulacrum (Coc:7)
  A ghost crab (Zig:14)
  A merfolk aquamancer (Zig:15)
  A satyr (Zig:15)
  A deep troll earth mage (Depths:2)
  A hell hog (Hell)
  2 sun demons (Hell)
  5 hell knights
  A sea snake (Zig:15)
  A steelbarb worm (Zig:10)
  A deep troll (Depths:2)
  A quicksilver dragon simulacrum (Coc:5)
  2 harpies (Zig:15)
  2 fauns (Zig:15)
  2 shining eyes (Zig:12)
  4 rust devils (Hell)
  A smoke demon (Hell)
  5 titan simulacra
  A torpor snail (Zig:10)
  2 freezing wraiths (Coc:7)
  A merfolk (Zig:15)
  A snapping turtle (Zig:15)
  A stone giant simulacrum (Coc:4)
  A steam dragon (Zig:5)
  A harpy simulacrum (Coc:7)
  A hydra simulacrum (Coc:3)
  2 naga simulacra
  2 earth elementals (Zig:9)
68 creatures vanquished.

Vanquished Creatures (others)
  A shard shrike (Coc:6)
  An iron giant (Coc:2)
  A quicksilver dragon (Vaults:5)
  2 pandemonium lords (Pan)
  A tengu reaver (Depths:3)
  An azure jelly (Coc:4)
  A balrug (Zig:13)
  A ghost moth (Zig:10)
  A deep elf sorcerer (Vaults:5)
  A shard shrike simulacrum (Coc:6)
  A demonspawn blood saint (Pan)
  The ghost of Vesyph the Spry, an adept SpAK of Lugonu (Depths:3)
  2 reapers (Pan)
  An elemental wellspring (Coc:6)
  An ettin (Depths:3)
  A vault guard (Vaults:5)
  A juggernaut simulacrum (Coc:7)
  4 death scarabs (Tomb:2)
  A deep troll earth mage (Depths:3)
  A soul eater (Pan)
  3 quicksilver dragon simulacra
  A large abomination (Pan)
  A deep troll (Vaults:1)
  A wizard (Pan)
  A mana viper (Snake:4)
  A moth of wrath (Zot:1)
  A titan simulacrum (Coc:4)
  A naga mage (Snake:2)
  2 anaconda simulacra (Coc:3)
  A hellwing (Pan)
  A golden dragon simulacrum (Coc:7)
  2 bloated husks (Swamp:1)
  A saltling (Desolation)
  A human (Swamp:4)
  An alligator snapping turtle simulacrum (Coc:3)
  2 dire elephant simulacra
  A ynoxinul (Pan)
  A chaos spawn (Pan)
  2 neqoxecs (Pan)
  A swamp drake (Swamp:4)
  An iguana (Lair:2)
  7 ball lightnings (Pan)
  5 creeping infernos
  A fire vortex (Geh:3)
  2 foxfires (Swamp:3)
  14 fungi
  A lurking horror (Abyss:3)
  8 plants
  16 starspawn tentacles
  5 tentacles (Tar:7)
  28 withered plants
139 creatures vanquished.

Grand Total: 5354 creatures vanquished

Table legend:
 A = Non-vault XP
 B = Vault XP
 C = Vault XP percentage of total XP
 D = Non-vault monster count
 E = Vault monster count
 F = Vault count percentage of total count
                 A         B        C        D         E       F
            +---------+---------+-------+---------+---------+-------
      Total | 2117062 | 1953281 |  48.0 |    3115 |    2051 |  39.7
            +---------+---------+-------+---------+---------+-------
        D:1 |      19 |       0 |   0.0 |      10 |       0 |   0.0
        D:2 |      53 |       0 |   0.0 |      26 |       0 |   0.0
        D:3 |      74 |      50 |  40.3 |      18 |       1 |   5.3
        D:4 |     372 |     248 |  40.0 |      21 |      12 |  36.4
        D:5 |     748 |     203 |  21.3 |      22 |       1 |   4.3
        D:6 |     373 |     655 |  63.7 |       8 |       2 |  20.0
        D:7 |    1124 |       0 |   0.0 |      21 |       0 |   0.0
        D:8 |    1370 |    1932 |  58.5 |      28 |       7 |  20.0
        D:9 |    1229 |     613 |  33.3 |      17 |       1 |   5.6
       D:10 |    5599 |    1802 |  24.3 |      34 |       9 |  20.9
       D:11 |    3315 |     666 |  16.7 |      22 |       2 |   8.3
       D:12 |    3633 |    2938 |  44.7 |      22 |      21 |  48.8
       D:13 |    5647 |   13117 |  69.9 |      18 |      26 |  59.1
       D:14 |    3953 |       0 |   0.0 |      11 |       0 |   0.0
       D:15 |   11654 |    4379 |  27.3 |      29 |       8 |  21.6
     Lair:1 |    7328 |    2245 |  23.5 |      25 |      33 |  56.9
     Lair:2 |     851 |    1775 |  67.6 |       3 |      15 |  83.3
     Lair:3 |    3337 |    3060 |  47.8 |      11 |       7 |  38.9
     Lair:4 |   14542 |     533 |   3.5 |      45 |       2 |   4.3
     Lair:5 |   13625 |   12186 |  47.2 |      52 |      32 |  38.1
    Swamp:1 |   13938 |    1475 |   9.6 |      27 |       1 |   3.6
    Swamp:2 |   11542 |       0 |   0.0 |      22 |       0 |   0.0
    Swamp:3 |   13884 |    4464 |  24.3 |      24 |       1 |   4.0
    Swamp:4 |   10909 |   20431 |  65.2 |      17 |      29 |  63.0
    Snake:1 |    5093 |       0 |   0.0 |      13 |       0 |   0.0
    Snake:2 |   12620 |   12419 |  49.6 |      25 |      16 |  39.0
    Snake:3 |   31924 |       0 |   0.0 |      51 |       0 |   0.0
    Snake:4 |   24177 |   35092 |  59.2 |      47 |      51 |  52.0
    Slime:1 |    6459 |       0 |   0.0 |      16 |       0 |   0.0
    Slime:2 |   10615 |       0 |   0.0 |      18 |       0 |   0.0
    Slime:3 |    2080 |       0 |   0.0 |       2 |       0 |   0.0
    Slime:4 |    6780 |       0 |   0.0 |      12 |       0 |   0.0
    Slime:5 |    9523 |   23071 |  70.8 |      17 |      17 |  50.0
      Orc:1 |    5854 |       0 |   0.0 |      48 |       0 |   0.0
      Orc:2 |    6133 |    8831 |  59.0 |      70 |      62 |  47.0
      Elf:1 |   14577 |   16125 |  52.5 |      24 |      24 |  50.0
      Elf:2 |   12665 |   22982 |  64.5 |      25 |      28 |  52.8
      Elf:3 |    8591 |   45264 |  84.0 |      15 |      44 |  74.6
   Vaults:1 |   18786 |   23123 |  55.2 |      30 |      26 |  46.4
   Vaults:2 |   33169 |   33096 |  49.9 |      45 |      42 |  48.3
   Vaults:3 |   29072 |   19921 |  40.7 |      50 |      38 |  43.2
   Vaults:4 |   35936 |   45883 |  56.1 |      57 |      60 |  51.3
   Vaults:5 |   18605 |  113462 |  85.9 |      29 |     109 |  79.0
    Crypt:1 |   23529 |    1387 |   5.6 |      43 |       1 |   2.3
    Crypt:2 |    3672 |    6906 |  65.3 |       8 |       5 |  38.5
    Crypt:3 |   20896 |   51506 |  71.1 |      32 |      69 |  68.3
     Tomb:1 |   12543 |   74064 |  85.5 |      29 |      62 |  68.1
     Tomb:2 |   15582 |   38749 |  71.3 |      35 |      57 |  62.0
     Tomb:3 |    7759 |   76020 |  90.7 |      25 |      80 |  76.2
   Depths:1 |   30833 |    2791 |   8.3 |      38 |       3 |   7.3
   Depths:2 |   47714 |   52957 |  52.6 |      56 |      46 |  45.1
   Depths:3 |   13258 |    7532 |  36.2 |      11 |       7 |  38.9
   Depths:4 |   39120 |   11112 |  22.1 |      38 |      10 |  20.8
       Hell |   18407 |   30291 |  62.2 |      28 |      40 |  58.8
      Dis:1 |   50130 |       0 |   0.0 |      23 |       0 |   0.0
      Dis:2 |   15562 |       0 |   0.0 |       8 |       0 |   0.0
      Dis:3 |       0 |   57899 | 100.0 |       0 |      36 | 100.0
      Dis:4 |    6085 |       0 |   0.0 |       6 |       0 |   0.0
      Dis:5 |   10836 |       0 |   0.0 |      10 |       0 |   0.0
      Dis:6 |   26519 |   13026 |  32.9 |      16 |      10 |  38.5
      Dis:7 |   33185 |   97573 |  74.6 |      19 |      63 |  76.8
      Geh:1 |   30772 |   23669 |  43.5 |      31 |      23 |  42.6
      Geh:2 |    7473 |       0 |   0.0 |       8 |       0 |   0.0
      Geh:3 |   15138 |       0 |   0.0 |      16 |       0 |   0.0
      Geh:4 |   18329 |       0 |   0.0 |      18 |       0 |   0.0
      Geh:5 |    9104 |       0 |   0.0 |       7 |       0 |   0.0
      Geh:6 |   17363 |       0 |   0.0 |      13 |       0 |   0.0
      Geh:7 |    8487 |   47060 |  84.7 |       6 |      35 |  85.4
      Coc:1 |    7060 |       0 |   0.0 |      17 |       0 |   0.0
      Coc:2 |       0 |   53816 | 100.0 |       0 |      30 | 100.0
      Coc:3 |   25134 |       0 |   0.0 |      30 |       0 |   0.0
      Coc:4 |   15915 |       0 |   0.0 |      21 |       0 |   0.0
      Coc:5 |   25531 |       0 |   0.0 |      18 |       0 |   0.0
      Coc:6 |   29309 |       0 |   0.0 |      25 |       0 |   0.0
      Coc:7 |   29101 |  101221 |  77.7 |      23 |      90 |  79.6
      Tar:1 |   17678 |       0 |   0.0 |      19 |       0 |   0.0
      Tar:2 |   30077 |       0 |   0.0 |      18 |       0 |   0.0
      Tar:3 |   40324 |   27842 |  40.8 |      27 |      16 |  37.2
      Tar:4 |   15692 |    9117 |  36.7 |      12 |       7 |  36.8
      Tar:5 |   17927 |       0 |   0.0 |      11 |       0 |   0.0
      Tar:6 |   27220 |       0 |   0.0 |      21 |       0 |   0.0
      Tar:7 |    9323 |   97739 |  91.3 |       5 |      64 |  92.8
      Zot:1 |   27553 |   30015 |  52.1 |      22 |      23 |  51.1
      Zot:2 |   22220 |    5383 |  19.5 |      17 |       5 |  22.7
      Zot:3 |   43156 |   67739 |  61.1 |      31 |      40 |  56.3
      Zot:4 |   37993 |   17738 |  31.8 |      30 |      20 |  40.0
      Zot:5 |   38808 |   85078 |  68.7 |      37 |      37 |  50.0
    Abyss:3 |   41073 |   11113 |  21.3 |      88 |      13 |  12.9
        Pan |  517233 |  327426 |  38.8 |     776 |     305 |  28.2
      Zig:1 |    1614 |       0 |   0.0 |       1 |       0 |   0.0
      Zig:2 |     976 |       0 |   0.0 |       3 |       0 |   0.0
      Zig:3 |    2724 |       0 |   0.0 |       5 |       0 |   0.0
      Zig:4 |    3163 |       0 |   0.0 |       7 |       0 |   0.0
      Zig:5 |    5238 |       0 |   0.0 |      10 |       0 |   0.0
      Zig:6 |    8920 |       0 |   0.0 |       6 |       0 |   0.0
      Zig:7 |   10597 |       0 |   0.0 |       8 |       0 |   0.0
      Zig:8 |   19317 |       0 |   0.0 |       8 |       0 |   0.0
      Zig:9 |   10781 |       0 |   0.0 |      13 |       0 |   0.0
     Zig:10 |   12136 |       0 |   0.0 |      19 |       0 |   0.0
     Zig:11 |   13800 |       0 |   0.0 |      16 |       0 |   0.0
     Zig:12 |   14723 |       0 |   0.0 |      17 |       0 |   0.0
     Zig:13 |   28136 |       0 |   0.0 |      18 |       0 |   0.0
     Zig:14 |   29095 |       0 |   0.0 |      22 |       0 |   0.0
     Zig:15 |   26693 |       0 |   0.0 |      53 |       0 |   0.0
     Zig:16 |    6174 |       0 |   0.0 |       5 |       0 |   0.0
     Bailey |       0 |    1494 | 100.0 |       0 |      21 | 100.0
     WizLab |     574 |   13338 |  95.9 |       5 |      29 |  85.3
 Desolation |       0 |   39639 | 100.0 |       0 |      77 | 100.0
            +---------+---------+-------+---------+---------+-------

Illustrated notes

Table legend:
 A = Kills in this place as a percentage of kills in entire the game.
 B = Kills by you in this place as a percentage of kills by you in the entire game.
 C = Kills by friends in this place as a percentage of kills by friends in the entire game.
 D = Other kills in this place as a percentage of other kills in the entire game.
 E = Experience gained in this place as a percentage of experience gained in the entire game.
 F = Experience gained in this place divided by the number of levels of this place that you have seen.
                   A       B       C       D       E      F
               +-------+-------+-------+-------+-------+----------------------
         Total | 100.0 | 100.0 | 100.0 | 100.0 | 100.0 | 29624.1
       Dungeon |   7.9 |   8.0 |   0.0 |   0.0 |   2.0 | 5378.4
          Lair |   4.3 |   4.4 |   0.0 |   0.0 |   1.5 | 11896.4
         Swamp |   2.3 |   2.4 |   0.0 |   4.0 |   1.9 | 19160.8
     Snake Pit |   3.9 |   4.0 |   0.0 |   8.0 |   3.0 | 30331.2
    Slime Pits |   1.6 |   1.6 |   0.0 |   0.0 |   1.4 | 11705.6
  Orcish Mines |   3.5 |   3.5 |   0.0 |   0.0 |   0.5 | 10409.0
   Elven Halls |   3.1 |   3.1 |   0.0 |   0.0 |   2.9 | 40068.0
        Vaults |   9.4 |   9.5 |   0.0 |  16.0 |   9.1 | 74210.6
         Crypt |   3.1 |   3.1 |   0.0 |   0.0 |   2.6 | 35965.3
          Tomb |   5.6 |   5.6 |   0.0 |   4.0 |   5.5 | 74905.7
        Depths |   4.1 |   3.9 |  11.8 |   8.0 |   5.1 | 51616.8
          Hell |   1.3 |   1.1 |  20.6 |   0.0 |   1.2 | 48698.0
           Dis |   3.7 |   3.8 |   0.0 |   0.0 |   7.6 | 44402.1
       Gehenna |   3.0 |   3.1 |   0.0 |   0.0 |   4.3 | 25342.1
       Cocytus |   4.9 |   4.5 |  32.4 |  20.0 |   7.0 | 41012.4
      Tartarus |   3.9 |   3.9 |   0.0 |   0.0 |   7.2 | 41848.4
           Zot |   5.1 |   5.2 |   0.0 |   0.0 |   9.2 | 75481.6
         Abyss |   1.9 |   2.0 |   0.0 |   0.0 |   1.3 | 17395.3
   Pandemonium |  20.9 |  21.1 |   1.5 |  32.0 |  20.7 | 31283.7
      Ziggurat |   4.1 |   3.7 |  33.8 |   8.0 |   4.7 | 12130.4
        Bailey |   0.4 |   0.4 |   0.0 |   0.0 |   0.0 | 1494.0
        Wizlab |   0.7 |   0.7 |   0.0 |   0.0 |   0.3 | 13912.0
    Desolation |   1.5 |   1.5 |   0.0 |   0.0 |   1.0 | 39639.0
               +-------+-------+-------+-------+-------+----------------------

Table legend: (Time is in decaauts)
 A = Elapsed time spent in this place.
 B = Non-inter-level travel time spent in this place.
 C = Inter-level travel time spent in this place.
 D = Time resting spent in this place.
 E = Time spent auto-exploring this place.
 F = Levels seen in this place.
 G = Mean time per level.
                   A        B        C        D        E       F      G
               +--------+--------+--------+--------+--------+-----+--------+
         Total | 111737 | 104483 |   7254 |   8867 |  69229 | 138 |  809.7 |
       Dungeon |  17602 |  15127 |   2475 |    374 |  11244 |  15 | 1173.5 |
        Temple |    251 |    167 |     84 |      0 |    147 |   1 |  251.0 |
          Lair |   7095 |   6113 |    982 |    235 |   4539 |   5 | 1419.0 |
         Swamp |   3703 |   3575 |    128 |      0 |   3003 |   4 |  925.8 |
     Snake Pit |   6828 |   6273 |    555 |      5 |   5197 |   4 | 1707.0 |
    Slime Pits |    982 |    936 |     46 |    317 |    201 |   5 |  196.4 |
  Orcish Mines |   2012 |   1783 |    229 |      0 |   1256 |   2 | 1006.0 |
   Elven Halls |   3994 |   3743 |    251 |     23 |   2850 |   3 | 1331.3 |
        Vaults |   8488 |   8076 |    412 |    860 |   5501 |   5 | 1697.6 |
         Crypt |   2740 |   2563 |    177 |      0 |   1864 |   3 |  913.3 |
          Tomb |   4557 |   4403 |    154 |   1181 |   2030 |   3 | 1519.0 |
        Depths |   5149 |   4393 |    756 |    793 |   2756 |   4 | 1287.2 |
          Hell |   1580 |   1423 |    157 |    711 |    395 |   1 | 1580.0 |
           Dis |   5415 |   5283 |    132 |    922 |   3452 |   7 |  773.6 |
       Gehenna |   2813 |   2690 |    123 |    262 |   1558 |   7 |  401.9 |
       Cocytus |   4199 |   4063 |    136 |    821 |   2303 |   7 |  599.9 |
      Tartarus |   5139 |   5025 |    114 |    675 |   3336 |   7 |  734.1 |
           Zot |   4569 |   4230 |    339 |    139 |   2873 |   5 |  913.8 |
         Abyss |    913 |    913 |      0 |      0 |    458 |   3 |  304.3 |
   Pandemonium |  19797 |  19797 |      0 |    568 |  13214 |  27 |  733.2 |
      Ziggurat |   1850 |   1850 |      0 |    948 |      0 |  16 |  115.6 |
         Trove |    100 |    100 |      0 |      0 |      0 |   1 |  100.0 |
        Bailey |    504 |    504 |      0 |     26 |    215 |   1 |  504.0 |
        Wizlab |    710 |    710 |      0 |      0 |    424 |   1 |  710.0 |
    Desolation |    737 |    737 |      0 |      4 |    411 |   1 |  737.0 |
               +--------+--------+--------+--------+--------+-----+--------+

Top non-repeatable levels by time:
   Dis:7: 2516 daAuts
  Tomb:1: 2305 daAuts
 Snake:4: 2276 daAuts
    D:10: 2150 daAuts
   Tar:7: 2122 daAuts
   Coc:7: 1969 daAuts
 Snake:3: 1897 daAuts
Vaults:1: 1893 daAuts
Vaults:4: 1836 daAuts
Depths:2: 1782 daAuts
Vaults:5: 1778 daAuts
Depths:1: 1648 daAuts
     D:7: 1641 daAuts
  Lair:5: 1640 daAuts
  Lair:3: 1619 daAuts
